 Dungeon Crawl Stone Soup version 0.23.2-1-ga50397a (webtiles) character file.

Game seed: 11391464388795140547

1361914 xelsha the Conqueror (level 27, 0/273 HPs)
             Began as a Gnoll Fighter on May 27, 2019.
             Was the Champion of Sif Muna.
             Slain by a reaper
             ... wielding a +6 scythe of flaming
             ... summoned by a mummy priest's death curse
              (1 damage)
             ... on level 3 of the Tomb of the Ancients on June 2, 2019.
             The game lasted 18:37:45 (140937 turns).

xelsha the Conqueror (Gnoll Fighter)              Turns: 140937, Time: 18:37:46

Health: 0/273      AC: 27    Str: 27      XL:     27
Magic:  0/62       EV: 33    Int: 25 (26) God:    Sif Muna [******]
Gold:   6675       SH: 19    Dex:  9 (13) Spells: 2/76 levels left

rFire    + . .     SeeInvis .   D - +6 broad axe of Accord {flame, rPois MR+ Str+3}
rCold    + + .     Gourm    .   X - +1 shield of Devotion {rC+ Str+3}
rNeg     + + +     Faith    .   W - +4 moon troll leather armour {Spirit, Regen++ MP+5}
rPois    ∞         Spirit   +   h - +2 hat {Int+3}
rElec    +         Reflect  .   K - scarf {cloud immunity}
rCorr    .         Harm     .   p - +1 pair of gloves of the Country {rPois Regen+ Int+2}
MR       +++++     Clarity  +   k - +2 pair of boots
Stlth    ++++......             L - amulet of the Four Winds {rN+ MR+++ Clar}
HPRegen  1.75/turn              c - ring of Phasing {EV+8}
MPRegen  0.38/turn              r - ring of Toz Miesk {rElec rF+ rN+ MR++ Slay+2}

@: lich-form, tornado, marked, flying (expiring), contaminated, slowed, glowing,
deflect missiles, very slow
A: distributed training, fangs 1, horns 1, yellow scales 1, clumsy 1, deformed
body, deterioration 1, high mp 1, robust 1, sturdy frame 1, strong nose
}: 14/15 runes: serpentine, barnacled, slimy, silver, iron, obsidian, icy, bone,
abyssal, demonic, glowing, magical, fiery, dark
a: End Transformation, Divine Energy, Channel Magic, Forget Spell, Renounce
Religion


You were on level 3 of the Tomb of the Ancients.
You worshipped Sif Muna.
Sif Muna was exalted by your worship.
You were not hungry.
You were a lich.
You visited 17 branches of the dungeon, and saw 86 of its levels.
You visited Pandemonium 3 times, and saw 11 of its levels.
You visited the Abyss 7 times.
You visited 1 ziggurat, and saw 19 of its levels.

You collected 14667 gold pieces.
You spent 7992 gold pieces at shops.

Inventory:

Hand Weapons
 b - the +4 staff of Dispater
   (You took it off Dispater on level 7 of the Iron City of Dis)
 D - the +6 broad axe of Accord (weapon) {flame, rPois MR+ Str+3}
   (You found it on level 4 of the Shoals)

   It has been specially enchanted to burn those struck by it, causing extra
   injury to most foes and up to half again as much damage against particularly
   susceptible opponents.
   Big, fiery blades are also staple armaments of hydra-hunters.
   It affects your strength (+3).
   It protects you from poison.
   It affects your resistance to hostile enchantments.
 E - the +3 Elemental Staff {rElec rF++ rC++ MR++ AC+5}
   (You found it on level 5 of the Pits of Slime)

   It affects your AC (+5).
   It greatly protects you from fire.
   It greatly protects you from cold.
   It insulates you from electricity.
   It affects your resistance to hostile enchantments.
Missiles
 l - 63 javelins
 m - 27 throwing nets (quivered)
Armour
 h - a +2 hat of intelligence (worn)
 k - a +2 pair of boots (worn)
 p - the +1 pair of gloves of the Country (worn) {rPois Regen+ Int+2}
   (You found it in Pandemonium)

   It affects your intelligence (+2).
   It protects you from poison.
   It increases your rate of regeneration.
 K - a scarf of cloud immunity (worn)
 W - the +4 moon troll leather armour (worn) {Spirit, Regen++ MP+5}
   (You bought it in a shop on level 2 of the Snake Pit)

   It affects your magic capacity (+5).
   It increases your rate of regeneration.
 X - the +1 shield of Devotion (worn) {rC+ Str+3}
   (You found it on level 1 of the Abyss)

   It affects your strength (+3).
   It protects you from cold.
Magical Staves
 w - an uncursed staff of earth
 F - an uncursed staff of energy
 O - an uncursed staff of wizardry
Jewellery
 c - the ring of Phasing (left hand) {EV+8}
   (You found it on level 7 of Cocytus)

   [ring of evasion]

   It affects your evasion (+8).
 r - the ring of Toz Miesk (right hand) {rElec rF+ rN+ MR++ Slay+2}
   (You took it off a guardian mummy on level 3 of the Crypt)

   [ring of positive energy]

   It affects your accuracy and damage with ranged weapons and melee attacks
   (+2).
   It protects you from fire.
   It insulates you from electricity.
   It protects you from negative energy.
   It affects your resistance to hostile enchantments.
 x - the ring of Bitrogir {rF+ rC+}
   (You bought it in a shop on level 2 of the Orcish Mines)

   [ring of protection from fire]

   It protects you from fire.
   It protects you from cold.
 y - the ring "Rovamm" {rCorr -Tele rElec MR+}
   (You found it on level 14 of a ziggurat)

   [ring of resist corrosion]

   It insulates you from electricity.
   It affects your resistance to hostile enchantments.
   It prevents most forms of teleportation.
 L - the amulet of the Four Winds (around neck) {rN+ MR+++ Clar}
   (You found it on level 17 of a ziggurat)

   [amulet of nothing]

   It protects you from negative energy.
   It affects your resistance to hostile enchantments.
   It protects you against confusion.
 V - the ring of the Ban {rF+ Int+3 SInv}
   (You found it on level 5 of the Depths)

   [ring of see invisible]

   It affects your intelligence (+3).
   It protects you from fire.
   It lets you see invisible.
Wands
 a - a wand of iceblast (62)
 e - a wand of acid (33)
 J - a wand of digging (18)
 T - a wand of paralysis (40)
Scrolls
 g - 13 scrolls of identify
 i - 18 scrolls of fog
 n - 37 scrolls of remove curse
 t - 5 scrolls of summoning
 u - 9 scrolls of magic mapping
 C - 11 scrolls of fear
 H - 3 scrolls of blinking
 N - 41 scrolls of teleportation
 Y - 4 scrolls of silence
Potions
 d - 9 potions of curing
 j - 7 potions of agility
 o - 2 potions of heal wounds
 q - 6 potions of brilliance
 s - 4 potions of mutation
 v - 6 potions of might
 z - 5 potions of cancellation
 A - a potion of berserk rage
 B - 4 potions of ambrosia
 Q - 2 potions of magic
 R - 7 potions of flight
 S - 9 potions of haste
Miscellaneous
 G - a fan of gales
 M - 5 boxes of beasts
 P - a lamp of fire
 Z - 4 phantom mirrors
Comestibles
 f - 17 rations


   Skills:
 O Level 27 Fighting
 + Level 25.0 Short Blades
 + Level 25.0 Long Blades
 O Level 27 Axes
 + Level 25.3 Maces & Flails
 + Level 25.2 Polearms
 + Level 25.0 Staves
 + Level 25.0 Slings
 + Level 25.0 Bows
 + Level 25.0 Crossbows
 + Level 25.0 Throwing
 + Level 25.5 Armour
 + Level 25.0 Dodging
 + Level 25.0 Stealth
 + Level 25.5 Shields
 + Level 25.0 Unarmed Combat
 + Level 25.0 Spellcasting
 + Level 21.8 Conjurations
 + Level 21.8 Hexes
 + Level 21.8 Charms
 + Level 21.8 Summonings
 + Level 21.8 Necromancy
 + Level 21.8 Translocations
 + Level 21.8 Transmutations
 + Level 21.8 Fire Magic
 + Level 21.8 Ice Magic
 + Level 21.8 Air Magic
 + Level 21.8 Earth Magic
 + Level 21.8 Poison Magic
 + Level 26.7 Invocations
 + Level 25.0 Evocations


You had 2 spell levels left.
You knew the following spells:

 Your Spells              Type           Power        Failure   Level  Hunger
a - Deflect Missiles      Chrm/Air       #######...   1%          6    N/A
b - Borgnjor's Vile Clut  Necr/Erth      ########..   0%          5    N/A
c - Apportation           Tloc           ######       0%          1    N/A
d - Portal Projectile     Hex/Tloc       ######       0%          3    N/A
e - Tornado               Air            #######...   14%         9    N/A
f - Controlled Blink      Tloc           N/A          1%          8    N/A
g - Summon Lightning Spi  Summ/Air       #######.     0%          4    N/A
h - Necromutation         Tmut/Necr      ########..   1%          8    N/A
i - Regeneration          Chrm/Necr      ########..   0%          3    N/A
j - Lehudib's Crystal Sp  Conj/Erth      #######...   1%          8    N/A
k - Shatter               Erth           #######...   14%         9    N/A
p - Passwall              Tmut/Erth      #######.     0%          2    N/A
q - Ignition              Fire           #######...   1%          8    N/A

Your spell library contained the following spells:

 Spells                   Type           Power        Failure   Level  Hunger
 Animate Skeleton         Necr           N/A          0%          1    N/A
 Beastly Appendage        Tmut           ######       0%          1    N/A
 Confusing Touch          Hex            ######       0%          1    N/A
 Corona                   Hex            #######      0%          1    N/A
 Flame Tongue             Conj/Fire      #####        0%          1    N/A
 Freeze                   Ice            ####         0%          1    N/A
 Infusion                 Chrm           ####         0%          1    N/A
 Magic Dart               Conj           ####         0%          1    N/A
 Pain                     Necr           ####         0%          1    N/A
 Sandblast                Erth           ######       0%          1    N/A
 Shock                    Conj/Air       ####         0%          1    N/A
 Sting                    Conj/Pois      ####         0%          1    N/A
 Summon Butterflies       Summ           #######.     0%          1    N/A
 Summon Small Mammal      Summ           ####         0%          1    N/A
 Blink                    Tloc           N/A          0%          2    N/A
 Call Imp                 Summ           #######.     0%          2    N/A
 Corpse Rot               Necr           N/A          0%          2    N/A
 Ensorcelled Hibernation  Hex/Ice        ######       0%          2    N/A
 Poisonous Vapours        Pois/Air       ######       0%          2    N/A
 Searing Ray              Conj           ######       0%          2    N/A
 Shroud of Golubria       Chrm/Tloc      #######...   0%          2    N/A
 Slow                     Hex            #######.     0%          2    N/A
 Song of Slaying          Chrm           #######.     0%          2    N/A
 Sticks to Snakes         Tmut           #######.     0%          2    N/A
 Sublimation of Blood     Necr           ########..   0%          2    N/A
 Swiftness                Chrm/Air       #######.     0%          2    N/A
 Throw Flame              Conj/Fire      ######       0%          2    N/A
 Throw Frost              Conj/Ice       ######       0%          2    N/A
 Call Canine Familiar     Summ           #######.     0%          3    N/A
 Confuse                  Hex            #######.     0%          3    N/A
 Conjure Flame            Conj/Fire      #######.     0%          3    N/A
 Dazzling Spray           Conj/Hex       ######       0%          3    N/A
 Gell's Gravitas          Tloc           #######...   0%          3    N/A
 Ignite Poison            Fire/Tmut/Pois #######.     0%          3    N/A
 Inner Flame              Hex/Fire       #######.     0%          3    N/A
 Lesser Beckoning         Tloc           #######...   0%          3    N/A
 Mephitic Cloud           Conj/Pois/Air  #######.     0%          3    N/A
 Ozocubu's Armour         Chrm/Ice       #######.     0%          3    N/A
 Recall                   Summ/Tloc      N/A          0%          3    N/A
 Spectral Weapon          Hex/Chrm       #######.     0%          3    N/A
 Spider Form              Tmut/Pois      #######...   0%          3    N/A
 Static Discharge         Conj/Air       #######.     0%          3    N/A
 Stone Arrow              Conj/Erth      ######       0%          3    N/A
 Summon Guardian Golem    Hex/Summ       #######.     0%          3    N/A
 Teleport Other           Tloc           #######.     0%          3    N/A
 Tukima's Dance           Hex            #######.     0%          3    N/A
 Vampiric Draining        Necr           ########..   0%          3    N/A
 Airstrike                Air            #######...   0%          4    N/A
 Animate Dead             Necr           N/A          0%          4    N/A
 Cause Fear               Hex            #######...   0%          4    N/A
 Force Lance              Conj/Tloc      #######.     0%          4    N/A
 Fulminant Prism          Conj/Hex       #######...   0%          4    N/A
 Ice Form                 Ice/Tmut       #######.     0%          4    N/A
 Iskenderun's Mystic Bla  Conj           #######.     0%          4    N/A
 Leda's Liquefaction      Hex/Erth       #######...   0%          4    N/A
 Olgreb's Toxic Radiance  Pois           #######.     0%          4    N/A
 Passage of Golubria      Tloc           N/A          0%          4    N/A
 Petrify                  Tmut/Erth      #######.     0%          4    N/A
 Sticky Flame             Conj/Fire      #######.     0%          4    N/A
 Summon Ice Beast         Ice/Summ       #######.     0%          4    N/A
 Throw Icicle             Conj/Ice       #######.     0%          4    N/A
 Agony                    Necr           ########     0%          5    N/A
 Alistair's Intoxication  Tmut/Pois      #######.     0%          5    N/A
 Aura of Abjuration       Summ           #######...   0%          5    N/A
 Blade Hands              Tmut           #######...   0%          5    N/A
 Bolt of Draining         Conj/Necr      ########..   0%          5    N/A
 Bolt of Magma            Conj/Fire/Erth #######...   0%          5    N/A
 Dispel Undead            Necr           ########     0%          5    N/A
 Excruciating Wounds      Chrm/Necr      ########..   0%          5    N/A
 Fireball                 Conj/Fire      #######...   0%          5    N/A
 Irradiate                Conj/Tmut      #######...   0%          5    N/A
 Iskenderun's Battlesphe  Conj/Chrm      #######.     0%          5    N/A
 Lee's Rapid Deconstruct  Erth           #######...   0%          5    N/A
 Lightning Bolt           Conj/Air       #######...   0%          5    N/A
 Metabolic Englaciation   Hex/Ice        #######...   0%          5    N/A
 Silence                  Hex/Air        #######...   0%          5    N/A
 Summon Demon             Summ           #######...   0%          5    N/A
 Summon Forest            Summ/Tloc      #######...   0%          5    N/A
 Summon Mana Viper        Hex/Summ       #######.     0%          5    N/A
 Venom Bolt               Conj/Pois      #######...   0%          5    N/A
 Yara's Violent Unravell  Hex/Tmut       #######...   0%          5    N/A
 Bolt of Cold             Conj/Ice       #######...   1%          6    N/A
 Bolt of Fire             Conj/Fire      #######...   1%          6    N/A
 Conjure Ball Lightning   Conj/Air       #######...   1%          6    N/A
 Darkness                 Hex            #######...   1%          6    N/A
 Death Channel            Necr           ########..   1%          6    N/A
 Dispersal                Tloc           #######...   1%          6    N/A
 Freezing Cloud           Conj/Ice/Air   #######...   1%          6    N/A
 Hydra Form               Tmut           #######...   1%          6    N/A
 Invisibility             Hex            #######.     1%          6    N/A
 Iron Shot                Conj/Erth      #######...   1%          6    N/A
 Ozocubu's Refrigeration  Ice            #######...   1%          6    N/A
 Poison Arrow             Conj/Pois      #######...   1%          6    N/A
 Shadow Creatures         Summ           N/A          1%          6    N/A
 Simulacrum               Ice/Necr       ########..   1%          6    N/A
 Statue Form              Tmut/Erth      #######..    1%          6    N/A
 Dragon Form              Tmut           #######...   1%          7    N/A
 Haunt                    Necr/Summ      ########..   1%          7    N/A
 Malign Gateway           Summ/Tloc      #######...   1%          7    N/A
 Monstrous Menagerie      Summ           #######...   1%          7    N/A
 Orb of Destruction       Conj           #######...   1%          7    N/A
 Ring of Flames           Chrm/Fire      #######...   1%          7    N/A
 Spellforged Servitor     Conj/Summ      #######...   1%          7    N/A
 Summon Greater Demon     Summ           #######...   1%          7    N/A
 Summon Hydra             Summ           #######...   1%          7    N/A
 Borgnjor's Revivificati  Necr           ########..   1%          8    N/A
 Chain Lightning          Conj/Air       #######...   1%          8    N/A
 Death's Door             Chrm/Necr      ########..   1%          8    N/A
 Discord                  Hex            #######...   1%          8    N/A
 Disjunction              Tloc           #######...   1%          8    N/A
 Infestation              Necr           ########..   1%          8    N/A
 Summon Horrible Things   Summ           #######...   1%          8    N/A
 Dragon's Call            Summ           #######...   14%         9    N/A
 Fire Storm               Conj/Fire      #######...   14%         9    N/A
 Glaciate                 Conj/Ice       #######...   14%         9    N/A

Dungeon Overview and Level Annotations

Branches:
Dungeon (15/15)            Temple (0/1) D:7            Lair (6/6) D:11
 Shoals (4/4) Lair:2        Snake (4/4) Lair:3        Slime (5/5) Lair:6
    Orc (2/2) D:9             Elf (3/3) Orc:2        Vaults (5/5) D:14
  Crypt (3/3) Vaults:3       Tomb (3/3) Crypt:3      Depths (5/5) D:15
   Hell (1/1)                 Dis (7/7) Hell            Geh (7/7) Hell
    Coc (7/7) Hell            Tar (7/7) Hell            Zot (3/5) Depths:5

Altars:
Ashenzari
Cheibriados
Dithmenos
Elyvilon
Fedhas
Gozag
Hepliaklqana
Kikubaaqudgha
Makhleb
Nemelex Xobeh
Qazlal
Sif Muna
Uskayaw
Vehumet
Wu Jian
Xom
Yredelemnul
Zin
The Shining One
Beogh

Shops:
D:7 =   D:8 [   D:9 }   D:14 ?   D:15 (   Orc:1 }   Orc:2 [*=(   Elf:1 ?
Shoals:1 =   Snake:1 }=}   Snake:2 (*([   Vaults:1 !   Vaults:2 ?   Vaults:3 *
Vaults:4 (:=   Depths:1 :

Portals:
Hell: Depths:1 Depths:2 Depths:3 Depths:4 Depths:5
Abyss: Depths:1 Depths:2 Depths:4
Pandemonium: Depths:2 Depths:3 Depths:4

Annotations:
D:5 Eustachio


Innate Abilities, Weirdness & Mutations

Your experience applies equally to all skills.
You have very sharp teeth.
Your uncanny sense of smell can sniff out nearby items.
You have a pair of small horns on your head.
You are partially covered in yellow scales. (AC +2)
You are clumsy. (Dex -2)
Armour fits poorly on your strangely shaped body.
Your body sometimes deteriorates upon taking damage.
You have an increased reservoir of magic. (+10% MP)
You are robust. (+10% HP)
Your movements are slightly less encumbered by armour. (ER -2)


Message History

The bennu claws your lightning spire but does no damage.
The bennu claws your lightning spire!
You hear some strange, mumbled words.
You block the greater mummy's attack. The bennu pecks your lightning spire!
The bennu claws your lightning spire! x2; The reaper completely misses you.
The greater mummy completely misses you.
Casting: Summon Lightning Spire (safe; 0% risk of failure)
Confirm with . or Enter, or press ? or * to list all spells.
There are friendlies around, are you sure you want to hurt them?
A great vortex of raging winds appears and lifts you up.
You block the bennu's attack. The bennu claws you.
* * * LOW HITPOINT WARNING * * *
You block the bennu's attack.
The Executioner gestures.
The Executioner seems to speed up.
The bennu's plumage briefly flares with an otherwordly flame.
The reaper hits you with a +6 scythe of flaming!!
* * * LOW HITPOINT WARNING * * *
The reaper burns you.
You die...

######## ###...)..### ∆
##%........}##
#....W.†.....#
##....b†s†....#
#...!..##.†....#
#...L†.##†.†§§§#
#......##.†..§8##
#..b.L.##†..1bbL#
#....ss##....§2M#
#.....s.##...§§§# #
#..M....§##.....M #.
#...#.†.b.##..... #..
##.?.bs######. ######...
##.†......!########(......s
∆
##.?...L............†.M†..
##......M.s.......?.M†b.#


You could see a greater mummy, an emperor scorpion, a reaper, 2 bennus, an
Executioner, a guardian mummy and a lightning spire.

Vanquished Creatures
  Antaeus (Coc:7)
  the Royal Jelly (Slime:5)
  Asmodeus (Geh:7)
  Gloorx Vloq (Pan)
  Ereshkigal (Tar:7)
  Mnoleg (Pan)
  A seraph (Pan)
  the Serpent of Hell (Coc:7)
  Lom Lobon (Pan)
  Dispater (Dis:7)
  Khufu (Crypt:1)
  2 orbs of fire (Zot:1)
  3 ancient liches
  7 juggernauts
  The ghost of Tang the Slayer, a master DsGl of Makhleb (Vaults:4)
  Sojobo (Depths:5)
  38 greater mummies
  3 shard shrikes
  Boris (Depths:3)
  A Killer Klown (Zot:3)
  Margery (Depths:2)
  4 caustic shrikes
  Saint Roka (Depths:1)
  4 curse toes (Zot:3)
  15 golden dragons
  Geryon (Hell)
  A profane servitor (Abyss:3)
  2 doom hounds (Tar:1)
  18 Tzitzimimeh
  12 bone dragons
  4 pearl dragons
  8 iron giants
  16 liches
  A hellephant (Abyss:1)
  20 Brimstone Fiends
  19 tentacled monstrosities
  6 pandemonium lords
  A shard shrike skeleton (Crypt:2)
  The ghost of bmj180 the Bludgeoner, an adept MiFi (Elf:2)
  22 Ice Fiends
  2 deep elf blademasters
  7 Hell Sentinels
  21 acid blobs
  6 quicksilver dragons
  15 Executioners
  10 titans
  Gastronok (Lair:1)
  24 tentacled starspawn
  12 sphinxes
  12 shadow dragons
  19 ancient champions
  4 death cobs
  An eldritch tentacle (Dis:7)
  2 krakens
  A thorn hunter (Zig:14)
  6 draconian monks
  12 storm dragons
  7 nagarajas
  11 tengu reavers
  5 revenants
  Ilsuiw (Shoals:4)
  22 daevas
  12 azure jellies
  4 blood saints
  14 fire giants
  20 frost giants
  Aizul (Elf:3)
  13 vault wardens
  4 orc warlords
  2 curse skulls (Pan)
  13 draconian scorchers
  2 ghost moths
  15 draconian knights
  12 deep elf sorcerers
  A juggernaut zombie (Zig:15)
  23 balrugs
  Louise (Snake:3)
  8 iron dragons
  14 ghouls
  26 cacodemons
  5 warmongers
  43 reapers
  5 draconian shifters
  3 elemental wellsprings
  5 deep elf elementalists
  2 entropy weavers
  37 angels
  9 draconian annihilators
  15 ophanim
  24 stone giants
  7 draconian stormcallers
  28 very ugly things
  14 ironheart preservers
  5 spriggan defenders
  8 bennus
  14 war gargoyles
  4 deep elf demonologists
  8 green draconians
  3 black draconians
  Azrael (Elf:1)
  6 lorocyprocas
  27 apis
  9 deep elf annihilators
  9 vampire knights
  14 white draconians
  16 yellow draconians
  5 black suns (Pan)
  3 corrupters
  6 purple draconians
  10 spark wasps
  6 dire elephants (Lair:6)
  14 red draconians
  4 eidola
  16 ettins
  5 merfolk javelineers
  11 deep elf death magi
  4 jiangshi (Crypt:1)
  8 merfolk impalers
  32 mummy priests
  11 death oozes (Slime:5)
  24 green deaths
  5 quicksilver dragon zombies
  5 fire dragons
  Josephine (Orc:1)
  21 blizzard demons
  13 ogre magi
  A spectral kraken (Tar:7)
  12 yaktaur captains
  A kraken zombie (Coc:7)
  2 quicksilver dragon skeletons
  19 great orbs of eyes
  4 deep elf high priests
  7 hydras
  A great orb of eyes (shapeshifter) (Abyss:1)
  35 vault guards
  A peacekeeper (Vaults:1)
  11 naga warriors
  20 ice dragons
  8 rakshasas
  4 hell beasts
  11 spriggan air magi
  2 merfolk avatars (Shoals:2)
  2 ghost crabs
  4 merfolk aquamancers
  11 anacondas
  2 shambling mangroves (Zig:14)
  5 monstrous demonspawn (Pan)
  4 alligators
  7 centaur warriors
  47 two-headed ogres
  28 dancing weapons
  An alligator (shapeshifter) (Depths:2)
  A two-headed ogre (shapeshifter) (Vaults:5)
  28 hell hogs
  4 tengu warriors
  2 satyrs
  11 deep troll shamans
  6 vampire magi
  2 death knights
  123 death scarabs
  14 deep troll earth magi
  32 thrashing horrors
  Urug (Orc:2)
  11 naga sharpshooters
  2 death yaks
  11 orc high priests
  7 spriggan berserkers
  6 shock serpents
  A titan zombie (Dis:2)
  4 storm dragon zombies
  Sonja (Lair:5)
  2 iron golems
  55 sun demons
  A fire crab (D:13)
  10 iron trolls
  19 soul eaters
  5 titan skeletons
  2 salamander mystics
  23 wretched stars
  26 deep elf knights
  8 shadow wraiths
  6 unseen horrors
  87 skeletal warriors
  4 death drakes
  31 hell knights
  3 spriggan druids
  8 sea snakes
  3 storm dragon skeletons
  21 spatial maelstroms
  8 infernal demonspawn (Pan)
  2 orange crystal statues
  12 flayed ghosts
  36 sixfirhies
  9 glowing orange brains
  4 gelid demonspawn
  32 deep trolls
  A golden dragon zombie (Dis:7)
  16 cherubim
  9 torturous demonspawn (Pan)
  8 anaconda zombies
  4 swamp dragons
  3 anaconda skeletons
  7 naga ritualists
  A sphinx zombie (Zig:5)
  2 glowing orange brains (shapeshifter)
  18 shadow demons
  24 deep elf archers
  14 ironbrand convokers
  An obsidian statue (Zig:10)
  96 large abominations
  5 tengu zombies
  A harpy (shapeshifter) (Abyss:3)
  11 phantasmal warriors
  3 golden dragon skeletons
  5 mana vipers
  3 shadow dragon zombies
  9 wizards
  6 harpies
  7 iron dragon zombies
  An orb spider (shapeshifter) (Vaults:3)
  18 orc knights
  2 wolf spider zombies
  5 fire giant zombies
  An orb spider (Abyss:3)
  A mana viper (shapeshifter) (Depths:3)
  15 necromancers
  8 stone giant zombies
  4 wolf spiders
  20 manticores
  4 shadow dragon skeletons
  12 orc sorcerers
  87 deep elf magi
  7 fauns
  16 shining eyes
  10 cyclopes
  43 ugly things
  9 salamanders
  A cyclops (shapeshifter) (Depths:4)
  6 iron dragon skeletons
  27 moths of wrath
  2 frost giant zombies
  16 naga magi
  6 merfolk sirens
  3 fire giant skeletons
  A dire elephant zombie (Dis:5)
  3 stone giant skeletons
  3 ice statues
  3 frost giant skeletons
  38 rust devils
  5 elephants
  6 apocalypse crabs
  3 centaur zombies
  3 vault sentinels
  29 black mambas
  5 water nymphs
  6 titan simulacra (Coc:7)
  12 worldbinders
  A shock serpent zombie (Coc:3)
  A dire elephant skeleton (Coc:7)
  8 molten gargoyles
  Psyche (D:11)
  A torpor snail (shapeshifter) (Abyss:3)
  6 storm dragon simulacra (Coc:7)
  An elephant slug zombie (Crypt:3)
  45 smoke demons
  8 eyes of devastation
  34 orange demons
  5 spectral swamp worms (Tar:7)
  13 guardian serpents
  A spiny frog (shapeshifter) (Vaults:4)
  9 spiny frogs
  A gargoyle (D:10)
  28 hellions
  A redback zombie (D:14)
  An elf skeleton (Zig:18)
  4 kobold demonologists
  A shock serpent skeleton (Crypt:1)
  11 komodo dragons
  12 efreet
  A rime drake (D:11)
  A yaktaur zombie (Depths:1)
  26 yaktaurs
  29 freezing wraiths
  83 guardian mummies
  4 tengu conjurers
  2 spriggan skeletons
  A troll (shapeshifter) (Depths:2)
  29 tormentors
  11 demonic crawlers (Pan)
  7 anaconda simulacra
  24 ice devils
  A white draconian skeleton (Crypt:3)
  2 meliai (shapeshifter)
  2 silent spectres
  30 hellwings
  33 red devils
  9 hydra zombies
  2 harpy zombies
  A jumping spider (shapeshifter) (Abyss:3)
  22 ancient zymes
  26 merfolk
  11 trolls
  3 wind drakes
  A tengu simulacrum (Vaults:2)
  A polar bear (shapeshifter) (Depths:4)
  3 meliai (D:11)
  14 hornets
  3 tyrant leeches (Zig:14)
  A shadow dragon simulacrum (Coc:3)
  5 hydra skeletons
  11 dream sheep
  68 raiju
  A saltling (Vaults:1)
  18 blink frogs
  3 stone giant simulacra
  An iron dragon simulacrum (Tomb:2)
  A human simulacrum (Vaults:2)
  103 slime creatures
  5 alligator zombies
  6 fire dragon zombies
  A harpy skeleton (Geh:2)
  8 snapping turtles
  12 hippogriffs
  13 bog bodies
  2 ice dragon zombies
  3 dream sheep (shapeshifter)
  4 ettin zombies
  A frost giant simulacrum (Abyss:3)
  A centaur simulacrum (D:13)
  6 fire dragon skeletons
  A fire giant simulacrum (Crypt:2)
  110 flying skulls
  3 ettin skeletons
  2 meliai zombies
  An ice dragon skeleton (Geh:7)
  A redback (shapeshifter) (Depths:3)
  16 shadows
  70 starcursed masses
  13 water elementals
  A vampire (Abyss:2)
  5 air elementals
  A spriggan (Depths:5)
  20 fire elementals
  5 wyverns
  A wyvern (shapeshifter) (Abyss:3)
  A black mamba zombie (Dis:7)
  33 wraiths
  8 redbacks (Elf:2)
  27 ynoxinuls
  2 spriggan simulacra
  2 yaks (shapeshifter)
  A hog (D:14)
  30 yaks
  4 alligator skeletons
  7 basilisks
  3 fire bats
  A basilisk (shapeshifter) (Vaults:3)
  23 ushabtiu
  29 golden eyes
  A steam dragon (D:13)
  2 black mamba skeletons
  A hog (shapeshifter) (Depths:1)
  15 humans (D:14)
  27 neqoxecs
  2 hungry ghosts
  14 vampire mosquitoes
  40 spatial vortices
  45 chaos spawn
  7 wargs
  An emperor scorpion simulacrum (Abyss:2)
  A swamp worm (shapeshifter) (Depths:5)
  52 nagas
  A soldier ant (shapeshifter) (Depths:3)
  A naga (shapeshifter) (Vaults:1)
  2 acid dragons
  A merfolk zombie (Geh:4)
  7 spiny frog zombies
  9 insubstantial wisps
  A water moccasin (shapeshifter) (Abyss:3)
  7 hydra simulacra
  10 water moccasins
  4 floating eyes
  41 hell hounds
  7 porcupines
  2 hornet zombies
  A deep troll skeleton (Crypt:2)
  Duvessa (D:6)
  5 snapping turtle zombies
  9 sky beasts
  3 spiny frog skeletons
  A black bear (shapeshifter) (Vaults:1)
  48 orc warriors
  5 ice beasts
  2 manticore zombies
  3 phantoms
  17 necrophages
  A swamp drake (Zig:11)
  A dream sheep zombie (Crypt:1)
  11 eyes of draining
  2 swamp dragon zombies
  An ice dragon simulacrum (Abyss:3)
  4 wolves
  3 swamp dragon skeletons
  35 ogres
  15 centaurs
  9 boggarts
  An elephant skeleton (Crypt:1)
  2 big kobolds
  9 crocodiles
  A crocodile (shapeshifter) (Abyss:3)
  3 snapping turtle skeletons
  A fire crab zombie (Crypt:2)
  Blork the orc (D:4)
  2 bullfrogs (shapeshifter)
  An elf zombie (Dis:3)
  7 earth elementals
  20 bullfrogs
  A wyvern zombie (D:10)
  A spiny frog simulacrum (Coc:7)
  Dowan (D:6)
  A glowing shapeshifter simulacrum (Zig:15)
  A scorpion (D:7)
  A spriggan zombie (Crypt:1)
  A warg skeleton (Crypt:3)
  A manticore simulacrum (Abyss:3)
  41 small abominations
  29 killer bees
  A troll skeleton (Crypt:1)
  29 wights
  2 howler monkeys
  2 electric eels (Elf:3)
  A wolf zombie (Crypt:1)
  2 bullfrog zombies (D:5)
  18 crimson imps
  A hound (shapeshifter) (Abyss:3)
  13 quasits
  2 human zombies
  5 jellies
  21 orc priests
  6 hounds
  A black bear zombie (Crypt:2)
  29 iron imps
  Crazy Yiuf (D:3)
  3 centaur skeletons
  Jessica (D:3)
  Ijyb (D:5)
  30 orc wizards
  A human skeleton (Crypt:3)
  19 worker ants
  A worker ant (shapeshifter) (Abyss:3)
  A killer bee zombie (D:5)
  2 ogre zombies
  A demigod skeleton (Crypt:2)
  2 big kobold skeletons
  82 mummies
  A worker ant zombie (D:7)
  A howler monkey zombie (D:8)
  A swamp drake zombie (Crypt:3)
  11 adders
  10 shadow imps
  13 white imps
  9 ufetubi
  An adder zombie (D:7)
  An adder skeleton (D:8)
  4 worms
  2 worms (shapeshifter)
  2 ball lightnings (Pan)
  6 dart slugs
  8 leopard geckos
  82 orcs
  3 giant cockroaches
  13 goblins
  5 hobgoblins
  15 jackals
  5 quokkas
  A ball python (D:1)
  7 bats
  A frilled lizard (D:1)
  19 kobolds
  A leopard gecko skeleton (D:6)
  An orc skeleton (Crypt:1)
  A quokka skeleton (D:4)
  6 rats
  A crawling corpse (Elf:3)
  4 fire vortices (Pan)
  A fungus (Lair:6)
  3 lurking horrors (Abyss:3)
  3 plants
  20 starspawn tentacles
  4 tentacles (Shoals:1)
5183 creatures vanquished.

Vanquished Creatures (collateral kills)
  Vashnia (Snake:4)
  3 caustic shrikes
  the Enchantress (Depths:5)
  3 tentacled monstrosities
  A titan (Depths:3)
  2 quicksilver dragons (Depths:3)
  A sphinx (Vaults:4)
  Kirke (D:14)
  3 tengu reavers
  An ancient champion (Depths:5)
  2 storm dragons
  3 nagarajas
  A fire giant (Depths:3)
  A frost giant (Depths:3)
  2 deep elf sorcerers
  3 vault wardens (Vaults:4)
  An iron dragon (Depths:2)
  An orc warlord (Orc:1)
  A deep elf elementalist (Elf:3)
  A draconian scorcher (Depths:5)
  2 ironheart preservers
  A spriggan defender (Depths:5)
  6 very ugly things
  4 stone giants
  A bennu (Zig:15)
  2 war gargoyles (Zig:19)
  A deep elf demonologist (Elf:3)
  4 deep elf annihilators
  A black draconian (Zot:2)
  2 yellow draconians (Zot:2)
  A spark wasp (Depths:3)
  4 deep elf death magi
  4 ettins
  A merfolk javelineer (Shoals:4)
  2 crystal guardians (Zig:19)
  2 fire dragons
  A deep elf high priest (Elf:3)
  3 vault guards
  A rakshasa (Depths:1)
  2 merfolk impalers
  A yaktaur captain (Depths:1)
  4 naga warriors
  An ice dragon (Depths:2)
  A merfolk aquamancer (Shoals:4)
  16 two-headed ogres
  An alligator snapping turtle (Shoals:4)
  3 hydras
  5 ogre magi
  A spriggan air mage (Depths:3)
  2 anacondas
  2 death knights
  A death yak (Lair:4)
  3 deep troll shamans
  3 death scarabs (Tomb:3)
  A tengu warrior (Depths:2)
  3 naga sharpshooters
  A deep troll earth mage (Depths:1)
  2 shock serpents
  A hell knight (Depths:1)
  A sun demon (Depths:2)
  5 deep elf knights
  3 spriggan berserkers
  3 iron trolls
  3 salamander mystics (Snake:4)
  2 skeletal warriors (Vaults:2)
  4 sea snakes
  A flayed ghost (Depths:5)
  2 wizards (D:14)
  3 naga ritualists (Snake:4)
  12 deep trolls
  6 harpies
  A deep elf archer (Elf:3)
  A lindwurm (Lair:6)
  5 mana vipers
  An orb spider (shapeshifter) (Depths:5)
  12 ugly things
  An ironbrand convoker (Vaults:4)
  An orc sorcerer (Vaults:2)
  7 deep elf magi
  A stone giant zombie (Depths:2)
  3 oklob plants (Lair:1)
  A manticore (Shoals:4)
  8 elephants
  A salamander (Snake:3)
  4 black mambas
  A merfolk siren (Shoals:1)
  2 naga magi
  7 vault sentinels
  A water nymph (Shoals:2)
  2 guardian serpents (Snake:4)
  An iron dragon skeleton (Depths:2)
  5 spiny frogs
  2 gargoyles
  A yaktaur zombie (Depths:1)
  A yaktaur (shapeshifter) (Vaults:1)
  A hellion (Depths:2)
  2 komodo dragons
  A rime drake (Lair:4)
  5 yaktaurs
  A tengu conjurer (Depths:3)
  A queen bee (D:10)
  A red devil (Depths:2)
  An ice devil (Depths:4)
  A jumping spider (Vaults:4)
  2 merfolk
  2 trolls (D:14)
  A wind drake (Shoals:2)
  A saltling (Vaults:1)
  2 slime creatures (Vaults:1)
  2 blink frogs
  2 snapping turtles
  3 hippogriffs
  5 dream sheep (Shoals:1)
  A redback (Vaults:4)
  A wraith (Vaults:2)
  2 humans (D:14)
  5 yaks
  3 water elementals
  A basilisk (Lair:1)
  2 hogs (D:15)
  2 neqoxecs (Pan)
  A warg (Vaults:4)
  An acid dragon (Vaults:2)
  16 nagas
  2 floating eyes
  5 orc warriors
  3 porcupines
  3 water moccasins
  2 wolves (Lair:2)
  4 ogres
  A centaur (Shoals:2)
  An earth elemental (Elf:3)
  4 bullfrogs
  7 killer bees
  A howler monkey (D:10)
  A jelly (D:14)
  A bullfrog skeleton (D:9)
  An orc wizard (Orc:2)
  A worker ant (D:14)
  16 orcs
  3 fungi
  6 plants
376 creatures vanquished.

Vanquished Creatures (others)
  Cerebov (Pan)
  4 eldritch tentacles
  A draconian knight (Zot:1)
  A frost giant (Coc:7)
  A draconian scorcher (Zot:2)
  An elemental wellspring (Coc:7)
  4 stone giants
  A war gargoyle (Zig:10)
  A blood saint (Pan)
  A vampire knight (Depths:1)
  A deep elf annihilator (Vaults:5)
  A blizzard demon (Abyss:3)
  An ogre mage (Zig:17)
  5 yaktaur captains
  A two-headed ogre (D:10)
  2 deep elf knights
  A deep troll (Depths:3)
  2 deep elf archers (Elf:3)
  A phantasmal warrior (Geh:5)
  A large abomination (Abyss:3)
  150 ball lightnings
  A hellion (Geh:7)
  A tormentor (Dis:4)
  2 hellwings (Pan)
  A golden dragon simulacrum (Abyss:3)
  A fire dragon zombie (Geh:7)
  A raiju (Abyss:3)
  A ynoxinul (Pan)
  A shadow (Geh:4)
  A water elemental (D:10)
  3 chaos spawn (Pan)
  An insubstantial wisp (Abyss:3)
  A hell hound (Geh:7)
  2 ogres
  A small abomination (Abyss:3)
  6 wights
  2 orc wizards
  2 iron imps
  A shadow imp (Tar:6)
  An ufetubus (Abyss:3)
  2 orcs
  A crawling corpse (Elf:3)
  21 fungi
  3 lurking horrors (Abyss:3)
  14 plants
  40 starspawn tentacles
  26 tentacles
319 creatures vanquished.

Grand Total: 5878 creatures vanquished

Notes
Turn   | Place    | Note
-------+----------+-------------------------------------------
     0 | D:1      | xelsha the Gnoll Fighter began the quest for the Orb.
     0 | D:1      | Reached XP level 1. HP: 23/23 MP: 1/1
   204 | D:1      | Reached XP level 2. HP: 27/29 MP: 2/2
   850 | D:2      | Reached XP level 3. HP: 35/35 MP: 3/3
   953 | D:2      | Found a white marble altar of Elyvilon.
  1186 | D:2      | Reached skill level 1 in Invocations
  1397 | D:2      | Found a basalt altar of Yredelemnul.
  1500 | D:3      | Reached skill level 1 in Short Blades
  1500 | D:3      | Reached skill level 1 in Long Blades
  1500 | D:3      | Reached skill level 1 in Axes
  1500 | D:3      | Reached skill level 1 in Maces & Flails
  1500 | D:3      | Reached skill level 1 in Staves
  1500 | D:3      | Reached skill level 1 in Slings
  1500 | D:3      | Reached skill level 1 in Bows
  1500 | D:3      | Reached skill level 1 in Crossbows
  1500 | D:3      | Reached skill level 1 in Throwing
  1500 | D:3      | Reached skill level 1 in Dodging
  1500 | D:3      | Reached skill level 1 in Stealth
  1500 | D:3      | Reached skill level 1 in Unarmed Combat
  1500 | D:3      | Reached skill level 1 in Spellcasting
  1500 | D:3      | Reached skill level 1 in Evocations
  1532 | D:3      | Reached XP level 4. HP: 41/41 MP: 5/5
  1671 | D:3      | Found a burning altar of Makhleb.
  1863 | D:3      | Found an ancient bone altar of Kikubaaqudgha.
  1902 | D:3      | Found a deep blue altar of Sif Muna.
  1903 | D:3      | Noticed Jessica
  1904 | D:3      | Found a radiant altar of Vehumet.
  1907 | D:3      | Killed Jessica
  1907 | D:3      | Reached skill level 1 in Conjurations
  1907 | D:3      | Reached skill level 1 in Hexes
  1907 | D:3      | Reached skill level 1 in Charms
  1907 | D:3      | Reached skill level 1 in Summonings
  1907 | D:3      | Reached skill level 1 in Necromancy
  1907 | D:3      | Reached skill level 1 in Translocations
  1907 | D:3      | Reached skill level 1 in Transmutations
  1907 | D:3      | Reached skill level 1 in Fire Magic
  1907 | D:3      | Reached skill level 1 in Ice Magic
  1907 | D:3      | Reached skill level 1 in Air Magic
  1907 | D:3      | Reached skill level 1 in Earth Magic
  1907 | D:3      | Reached skill level 1 in Poison Magic
  1913 | D:3      | Identified Vehumet's Incunabulum of Attacks
  1923 | D:3      | Became a worshipper of Sif Muna the Loreminder
  1991 | D:3      | Learned a level 1 spell: Magic Dart
  2019 | D:3      | Reached XP level 5. HP: 42/47 MP: 6/6
  2091 | D:3      | Found a runed translucent door.
  2092 | D:3      | Noticed Crazy Yiuf
  2201 | D:3      | Killed Crazy Yiuf
  2415 | D:4      | Found a shattered altar of Ashenzari.
  2501 | D:4      | Got an encrusted whip
  2502 | D:4      | Identified the cursed +2 whip "Funa" {slash, -Tele rF+ MR+
                  | Int+4} (You found it on level 4 of the Dungeon)
  2531 | D:4      | Noticed an ogre
  2559 | D:4      | Killed an ogre
  2559 | D:4      | Reached XP level 6. HP: 53/53 MP: 8/8
  2704 | D:4      | Noticed Blork the orc
  2726 | D:4      | Reached skill level 5 in Polearms
  2732 | D:4      | Gained mutation: Your spells are a little harder to cast,
                  | but a little more powerful. [potion of mutation]
  2732 | D:4      | Gained mutation: You possess an exceptional clarity of
                  | mind. [potion of mutation]
  2751 | D:4      | Killed Blork the orc
  3118 | D:4      | Reached XP level 7. HP: 58/59 MP: 10/10
  3387 | D:4      | Found a stormy altar of Qazlal.
  3388 | D:4      | Found a blossoming altar of Fedhas.
  3537 | D:5      | Entered Level 5 of the Dungeon
  3901 | D:4      | Reached * piety under Sif Muna
  4109 | D:5      | Reached XP level 8. HP: 46/67 MP: 12/12
  4322 | D:5      | Noticed Ijyb
  4341 | D:5      | Killed Ijyb
  4679 | D:5      | Found a snail-covered altar of Cheibriados.
  4796 | D:5      | Noticed Eustachio
  5379 | D:6      | Noticed Duvessa
  5380 | D:6      | Noticed Dowan
  5396 | D:6      | Killed Duvessa
  5401 | D:6      | Killed Dowan
  5620 | D:6      | Found a sparkling altar of Nemelex Xobeh.
  5921 | D:6      | Reached ** piety under Sif Muna
  6241 | D:7      | Reached XP level 9. HP: 69/72 MP: 14/14
  6896 | D:7      | Learned a level 1 spell: Animate Skeleton
  6898 | D:7      | Learned a level 1 spell: Apportation
  6900 | D:7      | Learned a level 1 spell: Confusing Touch
  6912 | D:7      | Found a staircase to the Ecumenical Temple.
  7953 | D:7      | Found Nohakoz's Jewellery Shop.
  8965 | D:8      | Found an opulent altar of Gozag.
  9382 | D:8      | Found a glowing golden altar of the Shining One.
  9398 | D:8      | Noticed a manticore
 10040 | D:8      | Found Xoppajyr's Antique Armour Boutique.
 10043 | D:8      | Bought a pair of glowing boots for 187 gold pieces
 10043 | D:8      | Bought a pair of embroidered gloves for 187 gold pieces
 10311 | D:8      | Killed a manticore
 10311 | D:8      | Reached skill level 5 in Invocations
 10311 | D:8      | Reached XP level 10. HP: 80/80 MP: 15/17
 10645 | D:9      | Found a staircase to the Orcish Mines.
 10998 | D:9      | Found a glowing silver altar of Zin.
 11006 | D:9      | Found an opulent altar of Gozag.
 11159 | D:9      | Reached skill level 5 in Short Blades
 11159 | D:9      | Reached skill level 5 in Long Blades
 11159 | D:9      | Reached skill level 5 in Axes
 11159 | D:9      | Reached skill level 5 in Maces & Flails
 11159 | D:9      | Reached skill level 5 in Staves
 11159 | D:9      | Reached skill level 5 in Slings
 11159 | D:9      | Reached skill level 5 in Bows
 11159 | D:9      | Reached skill level 5 in Crossbows
 11159 | D:9      | Reached skill level 5 in Throwing
 11159 | D:9      | Reached skill level 5 in Dodging
 11159 | D:9      | Reached skill level 5 in Stealth
 11159 | D:9      | Reached skill level 5 in Unarmed Combat
 11159 | D:9      | Reached skill level 5 in Spellcasting
 11159 | D:9      | Reached skill level 5 in Evocations
 11470 | D:9      | Noticed a cyclops
 11470 | D:9      | Noticed a brown ugly thing
 11769 | D:9      | Killed a purple ugly thing
 12127 | D:9      | Killed a cyclops
 12178 | D:9      | Noticed a flayed ghost
 12379 | D:9      | Killed a flayed ghost
 12379 | D:9      | Reached *** piety under Sif Muna
 12423 | D:9      | Found a shadowy altar of Dithmenos.
 12580 | D:9      | Found a sparkling altar of Nemelex Xobeh.
 12583 | D:9      | Found a hide-covered altar of Uskayaw.
 12584 | D:9      | Found a hazy altar of Hepliaklqana.
 12668 | D:9      | Noticed an ice dragon
 13266 | D:10     | Entered Level 10 of the Dungeon
 13480 | D:9      | Reached XP level 11. HP: 87/87 MP: 19/19
 14280 | D:10     | Learned a level 2 spell: Ensorcelled Hibernation
 14284 | D:10     | Learned a level 3 spell: Confuse
 14286 | D:10     | Learned a level 1 spell: Summon Small Mammal
 14461 | D:10     | Reached skill level 5 in Conjurations
 14461 | D:10     | Reached skill level 5 in Hexes
 14461 | D:10     | Reached skill level 5 in Charms
 14461 | D:10     | Reached skill level 5 in Summonings
 14461 | D:10     | Reached skill level 5 in Necromancy
 14461 | D:10     | Reached skill level 5 in Translocations
 14461 | D:10     | Reached skill level 5 in Transmutations
 14461 | D:10     | Reached skill level 5 in Fire Magic
 14461 | D:10     | Reached skill level 5 in Ice Magic
 14461 | D:10     | Reached skill level 5 in Air Magic
 14461 | D:10     | Reached skill level 5 in Earth Magic
 14461 | D:10     | Reached skill level 5 in Poison Magic
 14484 | D:10     | Noticed a manticore
 14496 | D:10     | Killed a manticore
 14736 | D:10     | Found a large runed translucent door.
 14736 | D:10     | Found a large runed translucent door.
 14790 | D:10     | Noticed a two-headed ogre
 14800 | D:10     | Killed a two-headed ogre
 15878 | D:11     | Noticed a red ugly thing
 16023 | Orc:1    | Entered Level 1 of the Orcish Mines
 16023 | Orc:1    | Found Haru's Gadget Boutique.
 16029 | Orc:1    | Noticed an orc sorcerer
 16119 | Orc:1    | Noticed a sixfirhy
 16141 | D:9      | Killed an orc sorcerer
 16343 | Orc:1    | Noticed Josephine
 16973 | D:10     | Killed a red ugly thing
 16973 | D:10     | Reached **** piety under Sif Muna
 17800 | D:11     | Noticed an unseen horror
 18129 | D:11     | Noticed Psyche
 18393 | D:11     | Killed Psyche
 18468 | D:11     | Reached XP level 12. HP: 72/96 MP: 22/22
 18726 | D:11     | Found a staircase to the Lair.
 19497 | D:11     | Learned a level 3 spell: Tukima's Dance
 19810 | D:12     | Noticed a tengu warrior
 19891 | D:12     | Killed a tengu warrior
 21856 | Orc:1    | Bought a wand of acid (9) for 338 gold pieces
 22112 | Orc:1    | Killed Josephine
 22542 | Lair:1   | Entered Level 1 of the Lair of Beasts
 22605 | Lair:1   | Reached ***** piety under Sif Muna
 22637 | Lair:1   | Identified Sif Muna's Grimoire of Assistive Summoning (Sif
                  | Muna gifted it to you on level 1 of the Lair of Beasts)
 22637 | Lair:1   | Received a gift from Sif Muna
 22646 | Lair:1   | Learned a level 3 spell: Regeneration
 22651 | Lair:1   | Learned a level 4 spell: Animate Dead
 22655 | Lair:1   | Learned a level 3 spell: Call Canine Familiar
 22798 | Lair:1   | Reached skill level 10 in Fighting
 22798 | Lair:1   | Reached skill level 10 in Armour
 22798 | Lair:1   | Reached skill level 10 in Shields
 23232 | Lair:1   | Noticed a five-headed hydra
 23279 | Lair:1   | Killed a five-headed hydra
 23279 | Lair:1   | Reached XP level 13. HP: 98/103 MP: 24/24
 23465 | Lair:1   | Noticed Gastronok
 23490 | Lair:1   | Killed Gastronok
 24320 | Lair:2   | Found a staircase to the Shoals.
 25505 | Lair:1   | Learned a level 3 spell: Ozocubu's Armour
 26567 | Lair:2   | Noticed an entropy weaver
 26567 | Lair:2   | an eight-headed hydra changed into an entropy weaver
 26915 | Lair:2   | Found a staircase to the Shoals.
 27314 | Lair:2   | Killed an entropy weaver
 27872 | Lair:3   | Found a staircase to the Snake Pit.
 29798 | Lair:4   | Reached XP level 14. HP: 107/110 MP: 26/26
 30065 | Lair:5   | Identified Sif Muna's Papyrus of Malediction and Earth (Sif
                  | Muna gifted it to you on level 5 of the Lair of Beasts)
 30065 | Lair:5   | Received a gift from Sif Muna
 30134 | Lair:5   | Noticed Sonja
 30167 | Lair:5   | Killed Sonja
 30600 | Lair:5   | Reached skill level 10 in Polearms
 31065 | Lair:6   | Entered Level 6 of the Lair of Beasts
 31304 | Lair:6   | Noticed Nessos
 31308 | Lair:6   | Noticed Nessos
 31308 | Lair:6   | Nessos changed into Nessos the lindwurm
 31313 | Lair:6   | Killed Nessos the lindwurm
 31629 | Lair:6   | Found a staircase to the Slime Pits.
 32634 | Lair:6   | Got an encrusted chain mail
 32635 | Lair:6   | Identified the +3 chain mail of Defence {Str+3 Int+7 Dex-5}
                  | (You found it on level 6 of the Lair of Beasts)
 32697 | Lair:6   | Noticed a dire elephant
 32712 | Lair:6   | Noticed a dire elephant
 32717 | Lair:6   | Noticed a dire elephant
 33162 | Lair:6   | Killed a dire elephant
 33220 | Lair:6   | Killed a dire elephant
 33332 | Lair:6   | Noticed a dire elephant
 33371 | Lair:6   | Killed a dire elephant
 33486 | Lair:6   | Reached skill level 10 in Invocations
 33628 | Lair:6   | Killed a dire elephant
 33669 | Lair:6   | Noticed a dire elephant
 33669 | Lair:6   | Noticed a dire elephant
 33743 | Lair:6   | Killed a dire elephant
 33789 | Lair:6   | Killed a dire elephant
 33973 | Lair:6   | Learned a level 2 spell: Sticks to Snakes
 33977 | Lair:6   | Learned a level 3 spell: Inner Flame
 34199 | Orc:2    | Entered Level 2 of the Orcish Mines
 34471 | Orc:2    | Noticed an orc warlord
 35085 | Orc:1    | Killed an orc warlord
 35224 | Orc:2    | Noticed Urug
 35247 | Orc:2    | Killed Urug
 36114 | Orc:2    | Found a roughly hewn altar of Beogh.
 36117 | Orc:2    | Found Osmolum's Jewellery Emporium.
 36190 | Orc:2    | Found a radiant altar of Vehumet.
 36418 | Orc:2    | Found a staircase to the Elven Halls.
 36428 | Orc:2    | Found a roughly hewn altar of Beogh.
 36522 | Orc:2    | Found Ofral's General Store.
 36723 | Orc:2    | Found Fiubaicw's Antique Weapon Emporium.
 36757 | Orc:2    | Found Ruwopec's Antique Armour Emporium.
 36930 | Orc:2    | Bought the ring of Bitrogir {rF+ rC+} for 468 gold pieces
 37940 | D:11     | Reached XP level 15. HP: 114/119 MP: 28/28
 38751 | D:12     | Learned a level 6 spell: Deflect Missiles
 39546 | D:13     | Identified Sif Muna's Handbook of Scorching Confrontation
                  | (Sif Muna gifted it to you on level 13 of the Dungeon)
 39546 | D:13     | Received a gift from Sif Muna
 39600 | D:13     | Got a dazzling trident
 39601 | D:13     | Identified the +11 trident "Siobleod" {holy, rElec rC+++
                  | Int+4 Dex-5} (You found it on level 13 of the Dungeon)
 39756 | D:13     | Found a sparkling altar of Nemelex Xobeh.
 40294 | D:14     | Found a runed translucent door.
 40551 | D:14     | Paralysed by a wizard for 4 turns
 40633 | D:14     | Found a gate to the Vaults.
 40707 | D:14     | Reached skill level 10 in Short Blades
 40707 | D:14     | Reached skill level 10 in Long Blades
 40707 | D:14     | Reached skill level 10 in Axes
 40707 | D:14     | Reached skill level 10 in Maces & Flails
 40707 | D:14     | Reached skill level 10 in Staves
 40707 | D:14     | Reached skill level 10 in Slings
 40707 | D:14     | Reached skill level 10 in Bows
 40707 | D:14     | Reached skill level 10 in Crossbows
 40707 | D:14     | Reached skill level 10 in Throwing
 40707 | D:14     | Reached skill level 10 in Dodging
 40707 | D:14     | Reached skill level 10 in Stealth
 40707 | D:14     | Reached skill level 10 in Unarmed Combat
 40707 | D:14     | Reached skill level 10 in Spellcasting
 40707 | D:14     | Reached skill level 10 in Evocations
 40847 | D:14     | Found Feoqau's Magic Scroll Shoppe.
 40853 | D:14     | Bought a scroll of teleportation for 36 gold pieces
 40853 | D:14     | Bought a scroll of teleportation for 36 gold pieces
 40853 | D:14     | Bought a scroll of blinking for 90 gold pieces
 40986 | D:14     | Found a sparkling altar of Nemelex Xobeh.
 41197 | D:14     | Found a runed translucent door.
 41218 | D:14     | Found a runed translucent door.
 41228 | D:14     | Found a runed translucent door.
 41387 | D:15     | Entered Level 15 of the Dungeon
 41575 | D:15     | Noticed Kirke
 42100 | D:14     | Noticed a sphinx
 42106 | D:14     | Paralysed by a sphinx for 7 turns
 42113 | D:14     | HP: 2/120 [sphinx[Kirke] (9)]
 42124 | D:14     | Paralysed by a sphinx for 3 turns
 42589 | D:14     | Noticed a sphinx
 42593 | D:14     | Killed Kirke
 42812 | D:14     | Found a sparkling altar of Nemelex Xobeh.
 42934 | D:14     | Found a gate to the Vaults.
 42982 | D:14     | Found Feoqau's Magic Scroll Shoppe.
 43252 | D:15     | Found Eloacw's Weapon Shoppe.
 43665 | D:15     | Found a staircase to the Depths.
 43985 | Snake:1  | Entered Level 1 of the Snake Pit
 44212 | Snake:1  | Found Nouzext's Gadget Emporium.
 44213 | Snake:1  | Found Xuk Yvvye's Jewellery Shop.
 44214 | Snake:1  | Found Aseni's Gadget Emporium.
 44607 | Snake:1  | Reached XP level 16. HP: 112/127 MP: 30/30
 45347 | Snake:2  | Cast into level 1 of the Abyss (salamander)
 45443 | Abyss:1  | Identified Wizardry for Dummies
 45447 | Abyss:1  | Learned a level 1 spell: Summon Butterflies
 45479 | Abyss:1  | Found a corrupted altar of Lugonu.
 45493 | Abyss:1  | Identified Sif Muna's Incunabulum of Twisted Enhancements
                  | (Sif Muna gifted it to you on level 1 of the Abyss)
 45493 | Abyss:1  | Received a gift from Sif Muna
 45505 | Abyss:1  | Learned a level 5 spell: Borgnjor's Vile Clutch
 45563 | Abyss:1  | Noticed a tentacled starspawn
 45573 | Abyss:1  | Killed a tentacled starspawn
 45632 | Abyss:1  | Noticed a bone dragon
 45762 | Abyss:1  | Noticed a tentacled starspawn
 45819 | Abyss:1  | Got a shimmering shield
 45872 | Abyss:1  | Noticed a bone dragon
 45925 | Abyss:1  | Identified the +1 shield of Devotion {rC+ Str+3} (You found
                  | it on level 1 of the Abyss)
 45968 | Abyss:1  | Noticed a tentacled starspawn
 45971 | Snake:2  | Escaped the Abyss
 46294 | Snake:2  | Found Fagac's Armour Boutique.
 46295 | Snake:2  | Found Nocrik Letei's Weapon Boutique.
 46295 | Snake:2  | Found Kiteog's Assorted Antiques.
 46304 | Snake:2  | Found Ohovas's Weapon Shop.
 46360 | Snake:2  | Identified a scroll of acquirement
 46362 | Snake:2  | Got a slimy helmet
 46373 | Snake:2  | Identified the +0 helmet "Famaoruha" {rElec rPois Regen+}
                  | (You acquired it on level 2 of the Snake Pit)
 46398 | Snake:2  | Bought the +4 moon troll leather armour {Spirit, Regen++
                  | MP+5} for 926 gold pieces
 46398 | Snake:2  | Found the +4 moon troll leather armour {Spirit, Regen++
                  | MP+5}
 47495 | Snake:2  | Found Ohovas's Weapon Shop.
 47498 | Snake:2  | Found Nocrik Letei's Weapon Boutique.
 47498 | Snake:2  | Found Kiteog's Assorted Antiques.
 47501 | Snake:2  | Found Fagac's Armour Boutique.
 48046 | Snake:3  | Noticed a nagaraja
 48058 | Snake:3  | Killed a nagaraja
 48428 | Snake:3  | Noticed Louise
 48439 | Snake:3  | Killed Louise
 48860 | Snake:4  | Entered Level 4 of the Snake Pit
 49498 | Snake:4  | Reached XP level 17. HP: 104/135 MP: 10/32
 50609 | Snake:4  | Identified Sif Muna's Grimoire of Supportive Enchantment
                  | (Sif Muna gifted it to you on level 4 of the Snake Pit)
 50609 | Snake:4  | Received a gift from Sif Muna
 50638 | Snake:4  | Noticed Vashnia
 51254 | Snake:4  | Killed Vashnia
 51618 | Snake:4  | Got a serpentine rune of Zot
 52342 | Snake:1  | Bought an uncursed ring of protection from magic for 375
                  | gold pieces
 52426 | Shoals:1 | Entered Level 1 of the Shoals
 52644 | Shoals:1 | Found Weloen's Jewellery Shoppe.
 52920 | Shoals:1 | Noticed a kraken
 53694 | Shoals:1 | Noticed a kraken
 53716 | Shoals:1 | Killed a kraken
 54135 | Shoals:2 | Reached skill level 10 in Conjurations
 54135 | Shoals:2 | Reached skill level 10 in Hexes
 54135 | Shoals:2 | Reached skill level 10 in Charms
 54135 | Shoals:2 | Reached skill level 10 in Summonings
 54135 | Shoals:2 | Reached skill level 10 in Necromancy
 54135 | Shoals:2 | Reached skill level 10 in Translocations
 54135 | Shoals:2 | Reached skill level 10 in Transmutations
 54135 | Shoals:2 | Reached skill level 10 in Fire Magic
 54135 | Shoals:2 | Reached skill level 10 in Ice Magic
 54135 | Shoals:2 | Reached skill level 10 in Air Magic
 54135 | Shoals:2 | Reached skill level 10 in Earth Magic
 54135 | Shoals:2 | Reached skill level 10 in Poison Magic
 54209 | Shoals:2 | Got a dazzling rapier
 54210 | Shoals:2 | Identified the +10 rapier of Quwnupea {flame, *Slow rElec
                  | rPois Dex+5} (You found it on level 2 of the Shoals)
 54315 | Shoals:2 | Reached XP level 18. HP: 143/143 MP: 33/33
 55199 | Shoals:4 | Entered Level 4 of the Shoals
 55346 | Shoals:4 | Identified Sif Muna's Almanac of Torrid Ice (Sif Muna
                  | gifted it to you on level 4 of the Shoals)
 55346 | Shoals:4 | Received a gift from Sif Muna
 55588 | Shoals:4 | Noticed Ilsuiw
 56675 | Shoals:4 | Got a barnacled rune of Zot
 56739 | Shoals:4 | Got a faintly glowing broad axe
 56740 | Shoals:4 | Identified the +6 broad axe of Accord {flame, rPois MR+
                  | Str+3} (You found it on level 4 of the Shoals)
 57383 | Shoals:4 | Killed Ilsuiw
 57770 | Vaults:1 | Entered Level 1 of the Vaults
 58717 | Vaults:1 | Reached XP level 19. HP: 151/151 MP: 35/35
 58938 | Vaults:1 | Found Qeimua's Distillery.
 58968 | Vaults:1 | Bought a potion of heal wounds for 75 gold pieces
 58968 | Vaults:1 | Bought a potion of haste for 150 gold pieces
 58968 | Vaults:1 | Bought a potion of curing for 45 gold pieces
 58968 | Vaults:1 | Bought a potion of curing for 45 gold pieces
 58968 | Vaults:1 | Bought a potion of haste for 150 gold pieces
 59947 | Vaults:2 | Found Sotiffoh's Magic Scroll Emporium.
 60007 | Vaults:2 | Bought a scroll of teleportation for 66 gold pieces
 60007 | Vaults:2 | Bought a scroll of teleportation for 66 gold pieces
 60007 | Vaults:2 | Bought a scroll of blinking for 165 gold pieces
 60858 | Vaults:2 | Learned a level 4 spell: Summon Lightning Spire
 60863 | Vaults:2 | Learned a level 4 spell: Summon Ice Beast
 61544 | Vaults:3 | Identified Hottig's Collected Works on Summoning and
                  | Bewitchment (Sif Muna gifted it to you on level 3 of the
                  | Vaults)
 61544 | Vaults:3 | Received a gift from Sif Muna
 61565 | Vaults:3 | Reached XP level 20. HP: 109/161 MP: 12/36
 62012 | Vaults:3 | Found Ommaege's Assorted Antiques.
 62030 | Vaults:3 | Bought an inky potion for 34 gold pieces
 62066 | Vaults:3 | Reached skill level 15 in Fighting
 62516 | Vaults:3 | Found a staircase to the Crypt.
 62516 | Vaults:3 | Found an ancient bone altar of Kikubaaqudgha.
 62517 | Vaults:3 | Found a basalt altar of Yredelemnul.
 63003 | Vaults:4 | Found a large runed translucent door.
 63003 | Vaults:4 | Found a large runed translucent door.
 63003 | Vaults:4 | Noticed Tang's ghost (master DsGl)
 63501 | Vaults:4 | Found Pujutwum's Weapon Shoppe.
 63600 | Vaults:4 | Found Huquur's Book Shop.
 63617 | Vaults:4 | Found Jiunenor's Jewellery Emporium.
 64887 | Elf:1    | Entered Level 1 of the Elven Halls
 64907 | Elf:1    | Cast into level 2 of the Abyss (a deep elf demonologist)
 64919 | Abyss:2  | Got a slimy long sword
 64920 | Abyss:2  | Identified the cursed +3 long sword of Umapt {slice, Int+2}
                  | (You found it on level 2 of the Abyss)
 65145 | Abyss:2  | Found a corrupted altar of Lugonu.
 65175 | Abyss:2  | Received a gift from Sif Muna
 65403 | Abyss:2  | Found a corrupted altar of Lugonu.
 65418 | Abyss:2  | Found a large runed translucent door.
 65419 | Abyss:2  | Found a large runed translucent door.
 65432 | Abyss:2  | Found a large runed translucent door.
 65434 | Abyss:2  | Found a large runed translucent door.
 65455 | Abyss:3  | Found a shadowy altar of Dithmenos.
 65467 | Abyss:3  | Gained mutation: You are frail. (-10% HP) [a neqoxec]
 65507 | Abyss:3  | Found a shadowy altar of Dithmenos.
 65511 | Elf:1    | Escaped the Abyss
 65934 | Elf:1    | Reached XP level 21. HP: 119/153 MP: 27/38
 65951 | Elf:1    | Identified the Handbook of Calling
 66108 | Elf:1    | Got a transparent hunting sling
 66109 | Elf:1    | Identified the +8 hunting sling "Nyicrytu" {velocity,
                  | +Blink rElec rF+ Str+4} (You found it on level 1 of the
                  | Elven Halls)
 66158 | Elf:1    | Noticed Azrael
 66174 | Elf:1    | Killed Azrael
 66293 | Elf:1    | Found Enliti's Magic Scroll Emporium.
 68068 | Snake:2  | Bought a leatherbound book for 420 gold pieces
 68076 | Snake:2  | Learned a level 6 spell: Conjure Ball Lightning
 68517 | Elf:1    | Reached skill level 15 in Armour
 68517 | Elf:1    | Reached skill level 15 in Shields
 68725 | Elf:2    | Found a large runed translucent door.
 68725 | Elf:2    | Found a large runed translucent door.
 68731 | Elf:2    | Found the brooch of Shielding {Reflect SH+8}
 68731 | Elf:2    | Noticed bmj180's ghost (adept MiFi)
 69005 | Elf:2    | Killed bmj180's ghost
 69209 | Elf:2    | Found a runed translucent gate.
 69210 | Elf:2    | Found a runed translucent gate.
 69210 | Elf:2    | Found a runed translucent gate.
 69269 | Elf:2    | Reached skill level 15 in Invocations
 69291 | Elf:2    | Identified Gaatalep's Guide on the Dislocated Rocks (Sif
                  | Muna gifted it to you on level 2 of the Elven Halls)
 69291 | Elf:2    | Received a gift from Sif Muna
 69925 | Elf:3    | Entered Level 3 of the Elven Halls
 70051 | Elf:3    | Noticed Aizul
 70065 | Elf:3    | Killed Aizul
 71114 | Elf:3    | Reached XP level 22. HP: 156/162 MP: 33/40
 71917 | Elf:3    | Cast into level 2 of the Abyss (a deep elf sorcerer)
 71950 | Abyss:2  | Found a corrupted altar of Lugonu.
 71983 | Abyss:2  | Found a corrupted altar of Lugonu.
 72075 | Abyss:2  | Found a corrupted altar of Lugonu.
 72113 | Abyss:2  | Got a shimmering fustibalus
 72312 | Elf:3    | Escaped the Abyss
 72944 | Elf:3    | Reached skill level 15 in Polearms
 73457 | Elf:3    | Identified the +8 fustibalus of Quick Death {venom, MR+}
                  | (You found it on level 2 of the Abyss)
 73915 | Depths:1 | Entered Level 1 of the Depths
 73992 | Depths:1 | Learned a level 2 spell: Blink
 73995 | Depths:1 | Learned a level 2 spell: Passwall
 74143 | Depths:1 | Found a one-way gate to the infinite horrors of the Abyss.
 74272 | Depths:1 | Noticed Saint Roka
 74302 | Depths:1 | Killed Saint Roka
 74332 | Depths:1 | Found Jule's Book Boutique.
 74348 | Depths:1 | Got a shimmering dagger
 74349 | Depths:1 | Identified the +6 dagger of Tigenil {freeze, rN+} (You
                  | found it on level 1 of the Depths)
 74468 | Depths:1 | Found a gateway to a ziggurat.
 74665 | Depths:1 | Found a gateway to Hell.
 74841 | Depths:1 | Found a blossoming altar of Fedhas.
 75716 | Depths:2 | Noticed a caustic shrike
 75724 | Depths:1 | Killed a caustic shrike
 75724 | Depths:1 | Reached XP level 23. HP: 113/170 MP: 14/41
 75858 | Depths:2 | Noticed a caustic shrike
 75866 | Depths:2 | Killed a caustic shrike
 76032 | Depths:2 | Noticed Margery
 76054 | Depths:2 | Identified Sif Muna's Advanced Steps in the Arcane Arts
                  | (Sif Muna gifted it to you on level 2 of the Depths)
 76054 | Depths:2 | Received a gift from Sif Muna
 76069 | Depths:2 | Killed Margery
 76266 | Depths:2 | Identified the cursed +3 quarterstaff of Siowk {flame,
                  | rElec}
 76898 | Depths:2 | Noticed a caustic shrike
 76905 | Depths:2 | Killed a caustic shrike
 77057 | Depths:2 | Identified the ring "Meonej" {rElec rF+ Int+3 Stlth+}
 77169 | Depths:2 | Identified Umoqial's Guide on Unstable Summoning
 77204 | Depths:2 | Reached skill level 15 in Short Blades
 77204 | Depths:2 | Reached skill level 15 in Long Blades
 77204 | Depths:2 | Reached skill level 15 in Axes
 77204 | Depths:2 | Reached skill level 15 in Maces & Flails
 77204 | Depths:2 | Reached skill level 15 in Staves
 77204 | Depths:2 | Reached skill level 15 in Slings
 77204 | Depths:2 | Reached skill level 15 in Bows
 77204 | Depths:2 | Reached skill level 15 in Crossbows
 77204 | Depths:2 | Reached skill level 15 in Throwing
 77204 | Depths:2 | Reached skill level 15 in Dodging
 77204 | Depths:2 | Reached skill level 15 in Stealth
 77204 | Depths:2 | Reached skill level 15 in Unarmed Combat
 77204 | Depths:2 | Reached skill level 15 in Spellcasting
 77204 | Depths:2 | Reached skill level 15 in Evocations
 77325 | Depths:2 | Noticed a golden dragon
 77348 | Depths:2 | Killed a golden dragon
 77528 | Depths:2 | Found a one-way gate leading to the halls of Pandemonium.
 77852 | Depths:3 | Noticed Boris
 77870 | Depths:3 | Killed Boris
 78568 | Depths:3 | Reached XP level 24. HP: 179/179 MP: 42/42
 78726 | Depths:3 | Received a gift from Sif Muna
 79296 | Depths:3 | Got a transparent jade ring
 79297 | Depths:3 | Identified the ring of the Dolphin {EV+3 Int+5} (You found
                  | it on level 3 of the Depths)
 79808 | Depths:3 | Noticed a juggernaut
 79875 | Depths:3 | Killed a juggernaut
 80442 | Depths:3 | Got a blackened morningstar
 80443 | Depths:3 | Identified the +8 morningstar "Coxeofi" {crush, Dex+3
                  | Stlth+} (You found it on level 3 of the Depths)
 80654 | Depths:4 | Paralysed by a floating eye for 3 turns
 81069 | Depths:4 | Identified Sif Muna's Tome of Congealing Hexes (Sif Muna
                  | gifted it to you on level 4 of the Depths)
 81069 | Depths:4 | Received a gift from Sif Muna
 81249 | Depths:4 | Noticed a juggernaut
 81260 | Depths:4 | Reached XP level 25. HP: 146/187 MP: 29/42
 81275 | Depths:4 | Killed a juggernaut
 81306 | Depths:4 | Noticed an ancient lich
 81320 | Depths:4 | Killed an ancient lich
 82129 | Depths:4 | Got a warped leather armour
 82130 | Depths:4 | Identified the cursed +0 leather armour of Poor Excuses
                  | {rPois rC++ Str+4 Int-3} (You found it on level 4 of the
                  | Depths)
 82486 | Depths:5 | Entered Level 5 of the Depths
 82611 | Depths:5 | Got a brightly glowing copper ring
 82612 | Depths:5 | Identified the ring of Beauty {Fire Stlth+} (You found it
                  | on level 5 of the Depths)
 82631 | Depths:5 | Identified the +1 faerie dragon scales {rCorr HP-5 Dex+4}
 82631 | Depths:5 | Noticed the Enchantress
 82641 | Depths:5 | Killed the Enchantress
 82872 | Depths:5 | Paralysed by a floating eye for 3 turns
 82937 | Depths:5 | Got a bound lapis lazuli ring
 82938 | Depths:5 | Identified the ring of the Ban {rF+ Int+3 SInv} (You found
                  | it on level 5 of the Depths)
 83106 | Depths:5 | Noticed Sojobo
 83130 | Depths:5 | Killed Sojobo
 83271 | Depths:5 | Got a scintillating iron ring
 83277 | Depths:5 | Identified the ring of Doubts {+Inv +Fly MP+9 Str-5} (You
                  | found it on level 5 of the Depths)
 83328 | Depths:5 | Noticed a juggernaut
 83342 | Depths:5 | Killed a juggernaut
 83359 | Depths:5 | Found an ornate altar of the Wu Jian Council.
 83740 | Depths:5 | Found a deep blue altar of Sif Muna.
 83771 | Depths:5 | Noticed a juggernaut
 83802 | Depths:5 | Killed a juggernaut
 83802 | Depths:5 | Identified Sif Muna's Reference Book on Confrontation (Sif
                  | Muna gifted it to you on level 5 of the Depths)
 83802 | Depths:5 | Received a gift from Sif Muna
 83964 | Depths:5 | Paralysed by a floating eye for 2 turns
 83968 | Depths:5 | Paralysed by a floating eye for 2 turns
 84159 | Depths:5 | Found a gate to the Realm of Zot.
 84209 | Depths:5 | Found a shimmering altar of Xom.
 84219 | Depths:5 | Reached XP level 26. HP: 196/196 MP: 43/43
 84251 | Depths:5 | Noticed a juggernaut
 84278 | Depths:5 | Killed a juggernaut
 84842 | Crypt:1  | Entered Level 1 of the Crypt
 85340 | Crypt:1  | Noticed Khufu
 85340 | Crypt:1  | Noticed a greater mummy
 86069 | Crypt:2  | Paralysed by a vampire knight for 4 turns
 86167 | Crypt:2  | Found the +12 Vampire's Tooth {vamp}
 86949 | Crypt:3  | Entered Level 3 of the Crypt
 86949 | Crypt:3  | Found a staircase to the Tomb.
 87095 | Crypt:3  | Identified Sif Muna's Compendium of Toxic Aid (Sif Muna
                  | gifted it to you on level 3 of the Crypt)
 87095 | Crypt:3  | Received a gift from Sif Muna
 87674 | Crypt:3  | Learned a level 8 spell: Ignition
 88008 | Crypt:3  | Noticed a greater mummy
 88041 | Crypt:3  | Killed a greater mummy
 88363 | Crypt:3  | Identified the ring of Toz Miesk {rElec rF+ rN+ MR++
                  | Slay+2}
 88537 | Crypt:3  | Got a scintillating platinum ring
 88538 | Crypt:3  | Identified the ring "Fuisou" {*Corrode +Blink rC+ rN+ SInv}
                  | (You found it on level 3 of the Crypt)
 89590 | Crypt:3  | Identified the Almanac of Burning Moulding
 89610 | Crypt:3  | Identified the Catalogue of Ashen Sinister Magic
 89846 | Vaults:4 | Bought a ring of the Octopus King {Wiz AC+1 EV+1 Str+1
                  | Int+1 Dex+1} for 568 gold pieces
 89846 | Vaults:4 | Found the ring of the Octopus King {Wiz AC+1 EV+1 Str+1
                  | Int+1 Dex+1}
 89859 | Vaults:4 | Bought a book of the Warp for 1440 gold pieces
 90591 | Elf:1    | Bought a scroll of amnesia for 45 gold pieces
 90601 | Elf:1    | Learned a level 8 spell: Controlled Blink
 90612 | Elf:1    | Got a pair of encrusted gloves
 90623 | Elf:1    | Identified the -7 pair of gloves of Uheboval {rElec rPois
                  | Slay+5 SInv} (You acquired it on level 1 of the Elven
                  | Halls)
 90903 | D:14     | Bought a scroll of acquirement for 624 gold pieces
 90904 | D:14     | Got a dazzling helmet
 90905 | D:14     | Identified the +1 helmet "Deomeokk" {rPois rF+ Str+3 Dex-2}
                  | (You acquired it on level 14 of the Dungeon)
 91424 | Hell     | Entered the Vestibule of Hell
 91424 | Hell     | Noticed Geryon
 92452 | Hell     | Identified Sif Muna's Disquisition on Envenoming and Arcane
                  | Weapons (Sif Muna gifted it to you in the Vestibule of
                  | Hell)
 92452 | Hell     | Received a gift from Sif Muna
 92452 | Hell     | Reached XP level 27. HP: 202/202 MP: 43/44
 93313 | Hell     | Killed Geryon
 93636 | Hell     | Found a gateway to the ashen valley of Gehenna.
 93718 | Hell     | Found a gateway to the Iron City of Dis.
 93765 | Hell     | Found a gateway to the freezing wastes of Cocytus.
 93859 | Hell     | Found a gateway to the decaying netherworld of Tartarus.
 94382 | Vaults:5 | Entered Level 5 of the Vaults
 94399 | Vaults:5 | Noticed an ancient lich
 94591 | Vaults:4 | Killed Tang's ghost
 94862 | Vaults:4 | Killed an ancient lich
 94862 | Vaults:4 | Reached skill level 15 in Conjurations
 94862 | Vaults:4 | Reached skill level 15 in Hexes
 94862 | Vaults:4 | Reached skill level 15 in Charms
 94862 | Vaults:4 | Reached skill level 15 in Summonings
 94862 | Vaults:4 | Reached skill level 15 in Necromancy
 94862 | Vaults:4 | Reached skill level 15 in Translocations
 94862 | Vaults:4 | Reached skill level 15 in Transmutations
 94862 | Vaults:4 | Reached skill level 15 in Fire Magic
 94862 | Vaults:4 | Reached skill level 15 in Ice Magic
 94862 | Vaults:4 | Reached skill level 15 in Air Magic
 94862 | Vaults:4 | Reached skill level 15 in Earth Magic
 94862 | Vaults:4 | Reached skill level 15 in Poison Magic
 94930 | Vaults:4 | Identified Sif Muna's Incunabulum of Ghastly Calling (Sif
                  | Muna gifted it to you on level 4 of the Vaults)
 94930 | Vaults:4 | Received a gift from Sif Muna
 96939 | Vaults:5 | Got a silver rune of Zot
 97233 | Vaults:5 | Found the +4 dagger "Morg" {pain, MR+ Int+5}
 97364 | Vaults:5 | Identified the +2 robe of the Morning Star {rElec rN+
                  | Slay+2}
 97676 | Vaults:5 | Got a dazzling crystal plate armour
 97687 | Vaults:5 | Identified the +2 crystal plate armour of the Fiddle {rC+
                  | Regen+} (You found it on level 5 of the Vaults)
 97897 | Vaults:5 | Got an ancient scale mail
 97908 | Vaults:5 | Identified the cursed +0 scale mail "Sajir" {rN+ Str-4
                  | Dex+4} (You found it on level 5 of the Vaults)
 98338 | Vaults:5 | Got an encrusted scale mail
 98349 | Vaults:5 | Identified the +3 scale mail "Qepohouz" {MR+ Str+4} (You
                  | found it on level 5 of the Vaults)
 98539 | Vaults:5 | Learned a level 8 spell: Necromutation
 98834 | Depths:1 | Voluntarily entered the Abyss.
 99203 | Depths:1 | Escaped the Abyss
 99208 | Depths:1 | Voluntarily entered the Abyss.
 99515 | Abyss:2  | Received a gift from Sif Muna
100805 | Abyss:3  | Identified Sif Muna's Guide on Hurtful Evil Arts (Sif Muna
                  | gifted it to you on level 3 of the Abyss)
100805 | Abyss:3  | Received a gift from Sif Muna
101593 | Abyss:3  | Found a corrupted altar of Lugonu.
101657 | Abyss:3  | Found a corrupted altar of Lugonu.
101820 | Abyss:3  | Identified Sif Muna's Reference Book on Unholy Magic and
                  | Boosts (Sif Muna gifted it to you on level 3 of the Abyss)
101820 | Abyss:3  | Received a gift from Sif Muna
103078 | Abyss:3  | Received a gift from Sif Muna
103436 | Abyss:3  | Found a corrupted altar of Lugonu.
103506 | Abyss:3  | Got an abyssal rune of Zot
103589 | Abyss:3  | Found a corrupted altar of Lugonu.
103764 | Depths:1 | Escaped the Abyss
104582 | Snake:2  | Bought a scroll of acquirement for 1456 gold pieces
105061 | Zot:1    | Entered Level 1 of the Realm of Zot
106015 | Zot:2    | Noticed an orb of fire
106234 | Zot:1    | Killed an orb of fire
106873 | Zot:2    | Identified Sif Muna's Disquisition on Lightness and
                  | Malediction (Sif Muna gifted it to you on level 2 of the
                  | Realm of Zot)
106873 | Zot:2    | Received a gift from Sif Muna
107264 | Zot:2    | Noticed an orb of fire
107334 | Zot:1    | Killed an orb of fire
108461 | Zot:3    | Found a transporter.
108517 | Zot:3    | Found a transporter.
108622 | Zot:3    | Identified Sif Muna's Collected Works on Unstable Unholy
                  | Arts (Sif Muna gifted it to you on level 3 of the Realm of
                  | Zot)
108622 | Zot:3    | Received a gift from Sif Muna
108769 | Zot:3    | Got a pitted zirconium amulet
108770 | Zot:3    | Identified the amulet "Weigont" {RegenMP Fragile rF+ MR+}
                  | (You found it on level 3 of the Realm of Zot)
108936 | Depths:1 | Learned a level 8 spell: Chain Lightning
109084 | Zig:1    | Entered Level 1 of a ziggurat
109109 | Zig:2    | Entered Level 2 of a ziggurat
109132 | Zig:3    | Entered Level 3 of a ziggurat
109165 | Zig:4    | Entered Level 4 of a ziggurat
109226 | Zig:4    | Got a scintillating jade ring
109228 | Zig:4    | Identified the ring of Suicidal Tendencies {rPois Int+5}
                  | (You found it on level 4 of a ziggurat)
109249 | Zig:5    | Entered Level 5 of a ziggurat
109254 | Zig:5    | Found the +7 great mace "Firestarter" {inner flame, rF++}
109295 | Zig:5    | Got a crude flail
109296 | Zig:5    | Identified the +11 flail of Tenacity {venom, *Rage rElec
                  | rN+++ Str+2} (You found it on level 5 of a ziggurat)
109304 | Zig:6    | Entered Level 6 of a ziggurat
109330 | Zig:7    | Entered Level 7 of a ziggurat
109436 | Zig:7    | Got a bound steel ring
109452 | Zig:7    | Identified the ring of Panentheism {Ice +Blink rElec Str-5
                  | Int+5} (You found it on level 7 of a ziggurat)
109458 | Zig:8    | Entered Level 8 of a ziggurat
109818 | Zig:8    | Got a twitching wooden ring
109820 | Zig:8    | Identified the ring of the Cricket {rPois Slay+6} (You
                  | found it on level 8 of a ziggurat)
109834 | Zig:9    | Entered Level 9 of a ziggurat
109843 | Zig:9    | Noticed Obaicver the pandemonium lord
109856 | Zig:9    | Killed Obaicver the pandemonium lord
109953 | Zig:10   | Entered Level 10 of a ziggurat
110235 | Zig:11   | Entered Level 11 of a ziggurat
110250 | Zig:11   | Identified Sif Muna's Compendium of Excruciating
                  | Malediction (Sif Muna gifted it to you on level 11 of a
                  | ziggurat)
110250 | Zig:11   | Received a gift from Sif Muna
110283 | Zig:11   | Identified Bewefurop's Collected Works on Boosting
                  | Dislocation
110306 | Zig:12   | Entered Level 12 of a ziggurat
110440 | Zig:12   | Got an encrusted spear
110441 | Zig:12   | Identified the +3 spear "Zistyes" {venom, MR+ Str+3 Stlth+}
                  | (You found it on level 12 of a ziggurat)
110444 | Zig:12   | Got an encrusted rapier
110445 | Zig:12   | Identified the +6 rapier of Moral Flaws {holy, *Drain
                  | +Blink rElec SInv} (You found it on level 12 of a ziggurat)
110453 | Zig:12   | Got a translucent rapier
110454 | Zig:12   | Identified the +3 rapier of the Empty Page {speed, Dex+2}
                  | (You found it on level 12 of a ziggurat)
110465 | Zig:13   | Entered Level 13 of a ziggurat
110693 | Zig:14   | Entered Level 14 of a ziggurat
110730 | Zig:14   | Found the +6 arbalest "Damnation" {damnation}
110771 | Zig:14   | Got a glittering ivory ring
110772 | Zig:14   | Identified the ring "Rovamm" {rCorr -Tele rElec MR+} (You
                  | found it on level 14 of a ziggurat)
110776 | Zig:14   | Got a crystal hunting sling
110777 | Zig:14   | Identified the +5 hunting sling of Dithmenos's Wrath
                  | {flame, *Contam rF+ rC+ Str+6} (You found it on level 14 of
                  | a ziggurat)
110973 | Zig:15   | Entered Level 15 of a ziggurat
110982 | Zig:15   | Noticed a greater mummy
110998 | Zig:15   | Noticed a greater mummy
111000 | Zig:15   | Killed a greater mummy
111019 | Zig:15   | Killed a greater mummy
111142 | Zig:15   | Found the macabre finger necklace {rN+}
111192 | Zig:16   | Entered Level 16 of a ziggurat
111201 | Zig:16   | Noticed a juggernaut
111202 | Zig:16   | Noticed a juggernaut
111222 | Zig:16   | Killed a juggernaut
111241 | Zig:16   | Killed a juggernaut
111260 | Zig:16   | Identified the Grimoire of Creative Protection
111265 | Zig:16   | Identified Advanced Hermeneutics
111279 | Zig:16   | Got a translucent jade amulet
111280 | Zig:16   | Identified the amulet "Rophutraepto" {Reflect rPois rF+
                  | rC++ MR+ SH+3} (You found it on level 16 of a ziggurat)
111284 | Zig:16   | Got a warped tin amulet
111285 | Zig:16   | Identified the amulet of Ytag {Faith rPois MR+++ Str+4
                  | Stlth-} (You found it on level 16 of a ziggurat)
111290 | Zig:16   | Got a wavering emerald amulet
111291 | Zig:16   | Identified the amulet "Foskohy" {-Tele +Inv MR+ Regen+
                  | Str+3 SInv} (You found it on level 16 of a ziggurat)
111309 | Zig:16   | Got a bone rapier
111310 | Zig:16   | Identified the +8 rapier of Uxesuaku {pierce, rC++ Dex-3}
                  | (You found it on level 16 of a ziggurat)
111385 | Zig:17   | Entered Level 17 of a ziggurat
111434 | Zig:17   | Found the amulet of the Four Winds {rN+ MR+++ Clar}
111500 | Zig:17   | Got a brightly glowing chain mail
111506 | Zig:17   | Identified the +7 chain mail of Buschedo {Dex+3} (You found
                  | it on level 17 of a ziggurat)
111515 | Zig:17   | Lost mutation: You possess an exceptional clarity of mind.
                  | [potion of mutation]
111515 | Zig:17   | Lost mutation: Your spells are a little harder to cast, but
                  | a little more powerful. [potion of mutation]
111515 | Zig:17   | Gained mutation: You do not regenerate when monsters are
                  | visible. [potion of mutation]
111515 | Zig:17   | Gained mutation: Scrolls take you a little longer to read.
                  | [potion of mutation]
111515 | Zig:17   | Gained mutation: Your flesh is heat resistant. (rF+)
                  | [potion of mutation]
111516 | Zig:17   | Lost mutation: Scrolls take you a little longer to read.
                  | [potion of mutation]
111516 | Zig:17   | Lost mutation: Your flesh is heat resistant. (rF+) [potion
                  | of mutation]
111516 | Zig:17   | Gained mutation: Your magical capacity is low. (-10% MP)
                  | [potion of mutation]
111516 | Zig:17   | Gained mutation: Your body sometimes deteriorates upon
                  | taking damage. [potion of mutation]
111516 | Zig:17   | Gained mutation: Your movements are slightly less
                  | encumbered by armour. (ER -2) [potion of mutation]
111517 | Zig:17   | Lost mutation: Your body sometimes deteriorates upon taking
                  | damage. [potion of mutation]
111517 | Zig:17   | Lost mutation: You are frail. (-10% HP) [potion of
                  | mutation]
111517 | Zig:17   | Gained mutation: You are partially covered in yellow
                  | scales. (AC +2) [potion of mutation]
111517 | Zig:17   | Gained mutation: You are frail. (-10% HP) [potion of
                  | mutation]
111517 | Zig:17   | Gained mutation: You have a pair of small horns on your
                  | head. [potion of mutation]
111720 | Zig:18   | Entered Level 18 of a ziggurat
111735 | Zig:18   | Noticed a greater mummy
111750 | Zig:18   | Noticed a greater mummy
111759 | Zig:18   | Noticed a greater mummy
111765 | Zig:18   | Killed a greater mummy
111777 | Zig:18   | Killed a greater mummy
111779 | Zig:18   | Reached ****** piety under Sif Muna
111782 | Zig:18   | Killed a greater mummy
111784 | Zig:18   | Noticed a greater mummy
111798 | Zig:19   | Entered Level 19 of a ziggurat
111836 | Zig:19   | HP: 2/220 [iron giant/iron golem (14)]
111886 | Depths:1 | Gained mutation: You possess an exceptional clarity of
                  | mind. [mutagenic glow]
112167 | D:13     | Lost mutation: You have a pair of small horns on your head.
                  | [potion of mutation]
112167 | D:13     | Lost mutation: You are frail. (-10% HP) [potion of
                  | mutation]
112167 | D:13     | Lost mutation: You possess an exceptional clarity of mind.
                  | [potion of mutation]
112167 | D:13     | Lost mutation: Your magical capacity is low. (-10% MP)
                  | [potion of mutation]
112167 | D:13     | Gained mutation: You are robust. (+10% HP) [potion of
                  | mutation]
112167 | D:13     | Gained mutation: Your mind is acute. (Int +2) [potion of
                  | mutation]
112168 | D:13     | Lost mutation: You do not regenerate when monsters are
                  | visible. [potion of mutation]
112168 | D:13     | Lost mutation: You are robust. (+10% HP) [potion of
                  | mutation]
112168 | D:13     | Lost mutation: Your mind is acute. (Int +2) [potion of
                  | mutation]
112168 | D:13     | Gained mutation: You have an increased reservoir of magic.
                  | (+10% MP) [potion of mutation]
112168 | D:13     | Gained mutation: You are robust. (+10% HP) [potion of
                  | mutation]
112168 | D:13     | Gained mutation: You are clumsy. (Dex -2) [potion of
                  | mutation]
112168 | D:13     | Gained mutation: You have a pair of small horns on your
                  | head. [potion of mutation]
112679 | Depths:1 | Learned a level 9 spell: Shatter
112799 | Pan      | Entered Pandemonium
112979 | Pan      | Found a glowing silver altar of Zin.
113279 | Pan      | Identified the +7 large shield of Vubiu {rPois Dex-2 SInv}
114280 | Pan      | Found a white marble altar of Elyvilon.
115557 | Pan      | Identified the +1 buckler "Bahes" {rPois rCorr Dex-2}
115561 | Pan      | Noticed a seraph
115582 | Pan      | Killed a seraph
115601 | Pan      | Identified the quicksilver dragon scales of the Original
                  | Sin {*Slow rN+ MR+ Regen+}
115688 | Pan      | Found a glowing golden altar of the Shining One.
115711 | Pan      | Identified Xaploukic's Volume of Earth and Air
115716 | Pan      | Got a demonic rune of Zot
115721 | Pan      | Got a pair of brightly glowing gloves
115732 | Pan      | Identified the +1 pair of gloves of the Country {rPois
                  | Regen+ Int+2} (You found it in Pandemonium)
115734 | Pan      | Got a jewelled mace
115735 | Pan      | Identified the +0 mace "Egigytito" {crush, *Contam *Drain
                  | rF+ Int+9} (You found it in Pandemonium)
115743 | Pan      | Got a slimy spear
115744 | Pan      | Identified the +5 spear of Qiobo {antimagic, Int+2} (You
                  | found it in Pandemonium)
116119 | Pan      | Noticed Zaasoapt the pandemonium lord
116142 | Pan      | Killed Zaasoapt the pandemonium lord
117411 | Pan      | Noticed Udommiog the pandemonium lord
117467 | Pan      | Killed Udommiog the pandemonium lord
117856 | Pan      | Entered the realm of Mnoleg.
118230 | Pan      | Paralysed by a floating eye for 4 turns
118763 | Pan      | Gained mutation: Your body sometimes deteriorates upon
                  | taking damage. [a cacodemon]
118835 | Pan      | Noticed Mnoleg
118861 | Pan      | Killed Mnoleg
118924 | Pan      | Got a glowing rune of Zot
119698 | Pan      | Noticed Roigriso the pandemonium lord
120314 | Pan      | Reached skill level 27 in Fighting
120646 | Pan      | Noticed Goyruy the pandemonium lord
120659 | Pan      | Killed Goyruy the pandemonium lord
120849 | Pan      | Found an exit through the horrors of the Abyss.
120862 | Depths:2 | Escaped Pandemonium
121152 | Slime:1  | Entered Level 1 of the Pits of Slime
122681 | Slime:5  | Entered Level 5 of the Pits of Slime
123049 | Slime:5  | Noticed the Royal Jelly
123063 | Slime:5  | Killed the Royal Jelly
123217 | Slime:5  | Found the +3 Elemental Staff {rElec rF++ rC++ MR++ AC+5}
123238 | Slime:5  | Identified the Compendium of Moulding
123402 | Slime:5  | Got a slimy rune of Zot
123453 | Slime:5  | Got a wavering golden ring
123474 | Slime:5  | Identified the Tome of Companions and the Frostbite
123569 | Slime:5  | Identified the ring of Lugonu's Indignation {rC+ Str+4
                  | Dex+2} (You found it on level 5 of the Pits of Slime)
123576 | Slime:5  | Got an encrusted spear
123577 | Slime:5  | Identified the +3 spear "Uriepi Pobb" {flame, rF++ rN+}
                  | (You found it on level 5 of the Pits of Slime)
123602 | Slime:5  | Got a dazzling rapier
123603 | Slime:5  | Identified the +1 rapier of Due Proportion {pierce, Stlth+}
                  | (You found it on level 5 of the Pits of Slime)
124097 | Pan      | Entered Pandemonium
124153 | Pan      | Noticed Tuacoug the pandemonium lord
124172 | Pan      | Killed Tuacoug the pandemonium lord
124283 | Pan      | Found an exit through the horrors of the Abyss.
125498 | Pan      | Noticed Wuri the pandemonium lord
125532 | Pan      | Killed Wuri the pandemonium lord
126180 | Pan      | Entered the realm of Cerebov.
126319 | Pan      | Found an exit through the horrors of the Abyss.
126792 | Pan      | Identified the ring "Cyugot" {rF+ AC+3 Dex+5}
126797 | Pan      | Identified the +6 leather armour of the World {Int+2 Dex+2
                  | Slay+3 SInv}
126811 | Pan      | Identified the +6 sword of Cerebov {flame}
126811 | Pan      | Noticed Cerebov
126892 | Pan      | Killed Cerebov
127012 | Pan      | Identified the +7 mace "Ugruziu" {flame, rF+ rC++ MP-9}
127106 | Pan      | Identified the Grimoire of Poisonous Talismans
127131 | Pan      | Got a slimy rapier
127132 | Pan      | Identified the +1 rapier of Zoruahosoz {antimagic, *Contam
                  | MR+ Str+4 Int+3} (You found it in Pandemonium)
127153 | Pan      | Got a dazzling scale mail
127164 | Pan      | Identified the +2 scale mail "Zeishrog" {+Blink Regen+}
                  | (You found it in Pandemonium)
127177 | Pan      | Got a colourful robe
127188 | Pan      | Identified the +1 robe of the Evening Star {rC+} (You found
                  | it in Pandemonium)
127326 | Pan      | Got a fiery rune of Zot
127507 | Pan      | Took an exit into the Abyss.
127507 | Abyss:1  | Escaped into the Abyss
127592 | Abyss:1  | Paralysed by accursed screaming for 1 turns
127627 | Depths:2 | Escaped the Abyss
127646 | Pan      | Entered the realm of Lom Lobon.
127646 | Pan      | Entered Pandemonium
128141 | Pan      | Noticed Lom Lobon
128161 | Pan      | Killed Lom Lobon
128202 | Pan      | Got a magical rune of Zot
128385 | Pan      | Entered the realm of Gloorx Vloq.
128447 | Pan      | Noticed Gloorx Vloq
128482 | Pan      | Killed Gloorx Vloq
128579 | Pan      | Got a dark rune of Zot
128762 | Depths:2 | Escaped Pandemonium
129149 | Elf:2    | Learned a level 8 spell: Lehudib's Crystal Spear
129155 | Elf:2    | Learned a level 3 spell: Portal Projectile
129515 | Geh:1    | Entered Level 1 of Gehenna
130091 | Geh:6    | Gained mutation: Armour fits poorly on your strangely
                  | shaped body. [mutagenic glow]
130230 | Geh:7    | Entered Level 7 of Gehenna
130711 | Geh:7    | Identified the +7 sceptre of Asmodeus
130711 | Geh:7    | Identified the amulet of Arur {Acrobat rC++ Int-5}
130711 | Geh:7    | Noticed Asmodeus
130724 | Geh:7    | Killed Asmodeus
130747 | Geh:7    | Got an obsidian rune of Zot
131071 | Coc:1    | Entered Level 1 of Cocytus
131367 | Coc:4    | Paralysed by the power of Zot for 2 turns
131443 | Coc:7    | Entered Level 7 of Cocytus
131577 | Coc:7    | Noticed the Serpent of Hell
131594 | Coc:7    | Killed the Serpent of Hell
131892 | Coc:7    | Found the ring of Phasing {EV+8}
131923 | Coc:7    | Got a steaming rapier
131924 | Coc:7    | Identified the +5 rapier of the Whale {freeze, Stlth+} (You
                  | found it on level 7 of Cocytus)
131940 | Coc:7    | Got an ancient scale mail
131941 | Coc:7    | Identified the +3 scale mail of Fupnexudgh {SInv} (You
                  | found it on level 7 of Cocytus)
132087 | Coc:7    | Noticed Antaeus
132088 | Coc:7    | Cast into level 2 of the Abyss (reaper)
132396 | Coc:7    | Escaped the Abyss
132446 | Coc:7    | Killed Antaeus
132539 | Coc:7    | Got an icy rune of Zot
132542 | Coc:7    | Got a transparent granite ring
132543 | Coc:7    | Identified the ring of the Morning {Dex+5 Stlth-} (You
                  | found it on level 7 of Cocytus)
132731 | Tar:1    | Entered Level 1 of Tartarus
133046 | Tar:3    | You fall through a shaft for 2 floors!
133141 | Tar:5    | You fall through a shaft!
133213 | Tar:7    | Entered Level 7 of Tartarus
133774 | Tar:7    | Found the ring of the Octopus King
133787 | Tar:7    | Found the +0 sword of Power
133809 | Tar:7    | Got a ring of the Octopus King
133810 | Tar:7    | Identified a ring of the Octopus King {rF+ AC+1 EV+1 Str+1
                  | Int+1 Dex+1} (You found it on level 7 of Tartarus)
133977 | Tar:7    | Noticed Ereshkigal
133990 | Tar:7    | Killed Ereshkigal
133990 | Tar:7    | Reached skill level 27 in Axes
134038 | Tar:7    | Got a bone rune of Zot
134063 | Tar:7    | Got a warped flail
134064 | Tar:7    | Identified the cursed +1 flail "Ahyt" {freeze, rN+} (You
                  | found it on level 7 of Tartarus)
134273 | Dis:1    | Entered Level 1 of the Iron City of Dis
134426 | Dis:2    | You fall through a shaft!
134773 | Dis:7    | Entered Level 7 of the Iron City of Dis
135061 | Hell     | Found a gateway to the ashen valley of Gehenna.
135110 | Hell     | Found a gateway to the decaying netherworld of Tartarus.
135883 | Dis:7    | Found the ring of the Octopus King
135914 | Dis:7    | Got a ring of the Octopus King
135941 | Dis:7    | Got a distressingly furry ring mail
135956 | Dis:7    | Identified the cursed +0 ring mail "Dafa Owk" {-Tele rF+
                  | Str+8 SInv} (You found it on level 7 of the Iron City of
                  | Dis)
136398 | Dis:7    | Identified the +4 staff of Dispater
136398 | Dis:7    | Noticed Dispater
136460 | Dis:7    | Killed Dispater
136482 | Dis:7    | Got an iron rune of Zot
136882 | Crypt:1  | Noticed a greater mummy
136891 | Crypt:1  | Killed a greater mummy
136898 | Crypt:1  | Killed a greater mummy
136930 | Crypt:1  | Killed Khufu
137005 | Tomb:1   | Entered Level 1 of the Tomb of the Ancients
137493 | Tomb:1   | Noticed a greater mummy
137510 | Tomb:1   | Killed a greater mummy
138288 | Tomb:1   | Noticed a greater mummy
138288 | Tomb:1   | Noticed a greater mummy
138290 | Tomb:1   | Noticed a greater mummy
138432 | Tomb:1   | Noticed a greater mummy
138435 | Tomb:1   | Killed a greater mummy
138564 | Tomb:1   | Killed a greater mummy
138654 | Tomb:1   | Noticed a greater mummy
138671 | Tomb:1   | Killed a greater mummy
138684 | Tomb:1   | Noticed a greater mummy
138692 | Tomb:1   | Killed a greater mummy
138700 | Tomb:1   | Noticed a greater mummy
138709 | Tomb:1   | Noticed a greater mummy
138711 | Tomb:1   | Killed a greater mummy
138721 | Tomb:1   | Killed a greater mummy
138722 | Tomb:1   | Noticed a greater mummy
138722 | Tomb:1   | Killed a greater mummy
138735 | Tomb:1   | Killed a greater mummy
138776 | Tomb:1   | Killed a greater mummy
138780 | Tomb:1   | Noticed a greater mummy
138788 | Tomb:1   | Noticed a greater mummy
138789 | Tomb:1   | Killed a greater mummy
138863 | Tomb:1   | Killed a greater mummy
138865 | Tomb:1   | Noticed a greater mummy
138874 | Tomb:1   | Killed a greater mummy
138911 | Tomb:1   | Noticed a greater mummy
138924 | Tomb:1   | Killed a greater mummy
138997 | Tomb:1   | Noticed a greater mummy
139016 | Tomb:1   | Killed a greater mummy
139016 | Tomb:1   | Noticed a greater mummy
139018 | Tomb:1   | Killed a greater mummy
139033 | Tomb:1   | Noticed a greater mummy
139048 | Tomb:1   | Killed a greater mummy
139246 | Tomb:1   | Noticed a greater mummy
139256 | Tomb:1   | Killed a greater mummy
139408 | Tomb:1   | Noticed a greater mummy
139462 | Tomb:1   | Killed a greater mummy
139590 | Tomb:1   | Noticed a greater mummy
139606 | Tomb:1   | Killed a greater mummy
140132 | Tomb:1   | Learned a level 9 spell: Tornado
140277 | Tomb:2   | Noticed an ancient lich
140278 | Tomb:2   | Noticed a greater mummy
140278 | Tomb:2   | Noticed a greater mummy
140280 | Tomb:2   | Noticed a greater mummy
140285 | Tomb:2   | Noticed a greater mummy
140295 | Tomb:2   | Killed a greater mummy
140296 | Tomb:2   | Killed a greater mummy
140297 | Tomb:2   | Killed an ancient lich
140297 | Tomb:2   | Killed a greater mummy
140310 | Tomb:2   | Killed a greater mummy
140869 | Tomb:3   | Entered Level 3 of the Tomb of the Ancients
140886 | Tomb:3   | Noticed a greater mummy
140891 | Tomb:3   | Noticed a greater mummy
140898 | Tomb:3   | Noticed a greater mummy
140906 | Tomb:3   | Noticed a greater mummy
140912 | Tomb:3   | Killed a greater mummy
140912 | Tomb:3   | Killed a greater mummy
140917 | Tomb:3   | Killed a greater mummy
140926 | Tomb:3   | Noticed an ancient lich
140928 | Tomb:3   | Noticed a greater mummy
140928 | Tomb:3   | Noticed a greater mummy
140930 | Tomb:3   | Noticed a greater mummy
140931 | Tomb:3   | Noticed a greater mummy
140932 | Tomb:3   | HP: 11/273 [jiangshi[a greater mummy] (10)]
140935 | Tomb:3   | Killed a greater mummy
140935 | Tomb:3   | Killed a greater mummy
140935 | Tomb:3   | Killed a greater mummy
140937 | Tomb:3   | HP: 1/273 [reaper/+6 scythe of flaming[a mummy priest's
                  | death curse] (18)]
140937 | Tomb:3   | Slain by a reaper

Skill      XL: |  1  2  3  4  5  6  7  8  9 10 11 12 13 14 15 16 17 18 19 20 21 22 23 24 25 26 27 |
---------------+----------------------------------------------------------------------------------+-----
Invocations    | 1 2 3 4 5 6 7 8 9 10 11 12 13 14 15 16 17 18 26 | 26.7
Short Blades   | 1 2 3 4 5 6 7 8 9 10 11 12 13 14 15 16 17 25 | 25.0
Long Blades    | 1 2 3 4 5 6 7 8 9 10 11 12 13 14 15 16 17 25 | 25.0
Axes           | 1 2 3 4 5 6 7 8 9 10 11 12 13 14 15 16 17 27 | 27.0
Maces & Flails | 1 2 3 4 5 6 7 8 9 10 11 12 13 14 15 16 17 25 | 25.3
Staves         | 1 2 3 4 5 6 7 8 9 10 11 12 13 14 15 16 17 25 | 25.0
Slings         | 1 2 3 4 5 6 7 8 9 10 11 12 13 14 15 16 17 25 | 25.0
Bows           | 1 2 3 4 5 6 7 8 9 10 11 12 13 14 15 16 17 25 | 25.0
Crossbows      | 1 2 3 4 5 6 7 8 9 10 11 12 13 14 15 16 17 25 | 25.0
Throwing       | 1 2 3 4 5 6 7 8 9 10 11 12 13 14 15 16 17 25 | 25.0
Dodging        | 1 2 3 4 5 6 7 8 9 10 11 12 13 14 15 16 17 25 | 25.0
Stealth        | 1 2 3 4 5 6 7 8 9 10 11 12 13 14 15 16 17 25 | 25.0
Unarmed Combat | 1 2 3 4 5 6 7 8 9 10 11 12 13 14 15 16 17 25 | 25.0
Spellcasting   | 1 2 3 4 5 6 7 8 9 10 11 12 13 14 15 16 17 25 | 25.0
Evocations     | 1 2 3 4 5 6 7 8 9 10 11 12 13 14 15 16 17 25 | 25.0
Conjurations   | 1 2 3 4 5 6 7 8 9 10 11 12 13 14 21 | 21.8
Hexes          | 1 2 3 4 5 6 7 8 9 10 11 12 13 14 21 | 21.8
Charms         | 1 2 3 4 5 6 7 8 9 10 11 12 13 14 21 | 21.8
Summonings     | 1 2 3 4 5 6 7 8 9 10 11 12 13 14 21 | 21.8
Necromancy     | 1 2 3 4 5 6 7 8 9 10 11 12 13 14 21 | 21.8
Translocations | 1 2 3 4 5 6 7 8 9 10 11 12 13 14 21 | 21.8
Transmutations | 1 2 3 4 5 6 7 8 9 10 11 12 13 14 21 | 21.8
Fire Magic     | 1 2 3 4 5 6 7 8 9 10 11 12 13 14 21 | 21.8
Ice Magic      | 1 2 3 4 5 6 7 8 9 10 11 12 13 14 21 | 21.8
Air Magic      | 1 2 3 4 5 6 7 8 9 10 11 12 13 14 21 | 21.8
Earth Magic    | 1 2 3 4 5 6 7 8 9 10 11 12 13 14 21 | 21.8
Poison Magic   | 1 2 3 4 5 6 7 8 9 10 11 12 13 14 21 | 21.8
Polearms       | 5 6 7 8 9 10 11 12 13 14 15 16 17 25 | 25.2
Fighting       | 7 8 9 10 11 12 13 14 15 16 17 18 19 20 21 27 | 27.0
Armour         | 7 8 9 10 11 12 13 14 15 16 17 25 | 25.5
Shields        | 7 8 9 10 11 12 13 14 15 16 17 25 | 25.5

Action                   |  1- 3 |  4- 6 |  7- 9 | 10-12 | 13-15 | 16-18 | 19-21 | 22-24 | 25-27 || total
-------------------------+-------+-------+-------+-------+-------+-------+-------+-------+-------++-------
Melee: Trident           |    96 |    93 |       |   496 |   426 |  1515 |  1088 |   533 |   608 ||  4855
       Bite              |     3 |    17 |    74 |   186 |   287 |   113 |   187 |   196 |  1655 ||  2718
       Whip              |       |    55 |   518 |   640 |  1375 |       |       |       |       ||  2588
       Morningstar       |       |       |       |   146 |   143 |       |       |       |       ||   289
       Broad axe         |       |       |       |       |       |       |   345 |   733 |  7952 ||  9030
       Staff             |       |       |       |       |       |       |       |       |  1065 ||  1065
       Headbutt          |       |       |       |       |       |       |       |       |  1525 ||  1525
 Fire: Blowgun           |       |    14 |    84 |    52 |   190 |       |       |       |       ||   340
       Hand crossbow     |       |       |       |       |     7 |       |       |       |       ||     7
Throw: Javelin           |       |       |     6 |     5 |     2 |    32 |       |       |    37 ||    82
       Throwing net      |       |       |       |     2 |       |       |       |       |     3 ||     5
       Tomahawk          |       |       |       |     3 |    32 |       |       |       |       ||    35
 Cast: Confusing Touch   |       |       |     6 |    47 |    12 |       |     3 |     1 |     1 ||    70
       Animate Skeleton  |       |       |       |    31 |     7 |       |       |       |       ||    38
       Regeneration      |       |       |       |     5 |    27 |    25 |     8 |    15 |    68 ||   148
       Confuse           |       |       |       |     5 |    22 |       |       |       |       ||    27
       Animate Dead      |       |       |       |     4 |    74 |   101 |    47 |    53 |    57 ||   336
       Ensorcelled Hiber |       |       |       |     4 |    10 |       |       |       |       ||    14
       Call Canine Famil |       |       |       |     2 |    84 |    33 |     1 |     6 |       ||   126
       Tukima's Dance    |       |       |       |       |    10 |       |       |       |       ||    10
       Inner Flame       |       |       |       |       |    10 |       |       |       |     3 ||    13
       Sticks to Snakes  |       |       |       |       |     4 |       |       |       |     4 ||     8
       Deflect Missiles  |       |       |       |       |     2 |     4 |     4 |     4 |    29 ||    43
       Borgnjor's Vile C |       |       |       |       |       |    82 |    93 |   100 |   306 ||   581
       Summon Lightning  |       |       |       |       |       |       |    14 |    51 |    22 ||    87
       Summon Ice Beast  |       |       |       |       |       |       |     2 |       |       ||     2
       Conjure Ball Ligh |       |       |       |       |       |       |     7 |    21 |    29 ||    57
       Apportation       |       |       |       |       |       |       |     1 |       |     1 ||     2
       Summon Butterflie |       |       |       |       |       |       |       |     6 |     1 ||     7
       Ignition          |       |       |       |       |       |       |       |       |   185 ||   185
       Controlled Blink  |       |       |       |       |       |       |       |       |    47 ||    47
       Necromutation     |       |       |       |       |       |       |       |       |   270 ||   270
       Shatter           |       |       |       |       |       |       |       |       |    53 ||    53
       Lehudib's Crystal |       |       |       |       |       |       |       |       |    41 ||    41
       Tornado           |       |       |       |       |       |       |       |       |     3 ||     3
       Chain Lightning   |       |       |       |       |       |       |       |       |     1 ||     1
       Portal Projectile |       |       |       |       |       |       |       |       |     1 ||     1
Invok: Channel Magic     |       |       |       |     1 |     1 |    11 |     8 |    13 |    93 ||   127
       Forget Spell      |       |       |       |       |       |       |       |       |     4 ||     4
       Divine Energy     |       |       |       |       |       |       |       |       |     1 ||     1
       Stop Divine Energ |       |       |       |       |       |       |       |       |     1 ||     1
 Abil: Evoke Invisibilit |       |     1 |     2 |     6 |       |       |       |       |       ||     9
       Evoke Berserk Rag |       |       |       |     1 |     1 |       |       |       |       ||     2
       End Transformatio |       |       |       |       |       |       |       |       |    26 ||    26
Evoke: Wand              |       |       |       |    17 |     5 |     9 |       |       |     4 ||    35
       Box of beasts     |       |       |       |       |       |       |       |       |     9 ||     9
       Sceptre of Asmode |       |       |       |       |       |       |       |       |     2 ||     2
       Phantom mirror    |       |       |       |       |       |       |       |       |     2 ||     2
  Use: Scroll            |       |     3 |    16 |     8 |    24 |    16 |     5 |     7 |    69 ||   148
       Potion            |       |     3 |     2 |     9 |     5 |     2 |       |       |    44 ||    65
 Stab: Confused          |       |       |       |    33 |    17 |       |       |     2 |       ||    52
       Invisible         |       |       |       |     2 |       |       |       |       |     2 ||     4
       Sleeping          |       |       |       |     6 |    20 |    24 |    27 |    11 |    78 ||   166
       Distracted        |       |       |       |     3 |    16 |    16 |    12 |    26 |    75 ||   148
       Held in net/web   |       |       |       |     2 |       |       |       |       |       ||     2
  Eat: Chunk             |     2 |     2 |    13 |    18 |    10 |     6 |    19 |    20 |    12 ||   102
       Ration            |       |     1 |     3 |     9 |    21 |    20 |    12 |    11 |    49 ||   126
Armor: Scale mail        |    24 |    47 |    42 |       |       |       |       |       |       ||   113
       Ring mail         |       |       |   139 |   396 |   623 |    45 |       |       |       ||  1203
       Skin              |       |       |       |     4 |       |       |    15 |       |       ||    19
       Troll leather arm |       |       |       |       |       |   262 |   215 |   204 |  1849 ||  2530
Dodge: Dodged            |    21 |    35 |   193 |   519 |  1048 |   565 |   421 |   505 |  5060 ||  8367
       Deflected         |       |       |       |       |    26 |    50 |    39 |    32 |   275 ||   422
Block: Shield            |    35 |    63 |   332 |   737 |  1213 |   773 |   663 |  1083 |  8413 || 13312
       Reflection        |       |       |       |       |       |       |    18 |    38 |    88 ||   144
